 Dungeon Crawl Stone Soup version 0.21.0-34-g9234887 (webtiles) character file.

3139410 mopl the Golden Sash (level 27, 224/224 HPs)
             Began as a Gnoll Transmuter on Jan 28, 2018.
             Was a High Priest of Wu Jian.
             Escaped with the Orb
             ... and 5 runes on Jan 29, 2018!
             The game lasted 05:13:19 (74793 turns).

mopl the Golden Sash (Gnoll Transmuter)            Turns: 74793, Time: 05:13:20

Health: 224/224    AC: 47    Str: 22    XL:     27
Magic:  46/47      EV: 22    Int: 23    God:    Wu Jian [*****.]
Gold:   9418       SH: 19    Dex: 23    Spells: 2/66 levels left

rFire    + + .     SeeInvis +     - Unarmed
rCold    + + .     Gourm    .   Q - +2 shield of Resistance {rF+ rC+ MR+}
rNeg     + . .     Faith    .   X - +12 gold dragon scales
rPois    +         Spirit   .   K - +2 hat {SInv}
rElec    .         Reflect  .   Z - +1 cloak of the Guilds {*Corrode MR+ Regen+ Slay+2}
rCorr    +         Harm     .   m - +2 pair of gloves {archery}
MR       +++++                  P - +0 pair of boots of the Heavens {Regen+ Str+6}
Stlth    +.........             r - macabre finger necklace {rN+}
HPRegen  1.27/turn              S - +5 ring of evasion
MPRegen  0.30/turn              T - ring of Ischasmeogh {rCorr Int+5}
                                b - ring "Viczelith" {+Fly Slay+2}

@: glowing, deflect missiles, heavenly storm
A: distributed training, fangs 1, slimy green scales 1, blink, blurry vision 1,
deterioration 1, magic resistance 1, strong nose
0: Orb of Zot
}: 5/15 runes: decaying, slimy, silver, abyssal, gossamer
a: Blink, Wall Jump, Serpent's Lash, Heavenly Storm, Renounce Religion, Evoke
Flight


You escaped.
You worshipped Wu Jian.
Wu Jian was extremely pleased with you.
You were very full.

You visited 12 branches of the dungeon, and saw 58 of its levels.
You visited the Abyss 2 times.
You visited 2 bazaars.
You also visited: Labyrinth, Trove, Sewer, Ice Cave and Desolation.

You collected 12914 gold pieces.
You spent 3496 gold pieces at shops.

Inventory:

Missiles
 a - 1752 arrows
 f - 6 throwing nets
 o - 22 javelins (quivered)
 L - 7 javelins of penetration
Armour
 m - a +2 pair of gloves of archery (worn)
 K - a +2 hat of see invisible (worn)
 P - the +0 pair of boots of the Heavens (worn) {Regen+ Str+6}
   (You bought it in a shop on level 2 of the Orcish Mines)

   It affects your strength (+6).
   It increases your rate of regeneration.
 Q - the +2 shield of Resistance (worn) {rF+ rC+ MR+}
   (You took it off a deep elf sorcerer on level 3 of the Elven Halls)

   It protects you from fire.
   It protects you from cold.
   It affects your resistance to hostile enchantments.
 X - +12 gold dragon scales (worn)
 Z - the +1 cloak of the Guilds (worn) {*Corrode MR+ Regen+ Slay+2}
   (You acquired it on level 5 of the Vaults)

   It affects your accuracy and damage with ranged weapons and melee attacks
   (+2).
   It affects your resistance to hostile enchantments.
   It increases your rate of regeneration.
   It may corrode you when you take damage.
Jewellery
 b - the ring "Viczelith" (on amulet) {+Fly Slay+2}
   (You found it on level 5 of the Pits of Slime)

   [ring of flight]

   It affects your accuracy and damage with ranged weapons and melee attacks
   (+2).
   It lets you fly.
 r - the macabre finger necklace (around neck) {rN+}
   (You found it on level 5 of the Vaults)

   [amulet of nothing]

   It protects you from negative energy.
 O - the ring of Murosel {rPois rF+ rN+}
   (You found it on level 2 of the Realm of Zot)

   [ring of protection from fire]

   It protects you from fire.
   It protects you from poison.
   It protects you from negative energy.
 S - a +5 ring of evasion (left hand)
 T - the ring of Ischasmeogh (right hand) {rCorr Int+5}
   (You found it on level 5 of the Vaults)

   [ring of resist corrosion]

   It affects your intelligence (+5).
Wands
 c - a wand of clouds (16)
 e - a wand of digging (32)
 n - a wand of iceblast (60)
 p - a wand of acid (40)
 y - a wand of scattershot (5)
 F - a wand of enslavement (67)
Scrolls
 g - 11 scrolls of magic mapping
 h - 9 scrolls of fog
 j - 19 scrolls of remove curse
 s - 15 scrolls of teleportation
 u - 3 scrolls of blinking
 x - 9 scrolls of vulnerability
 N - 2 scrolls of fear
 V - 4 scrolls of identify
 Y - 2 scrolls of silence {!r}
Potions
 k - 12 potions of agility
 l - 13 potions of lignification {!q}
 q - 6 potions of might
 t - 8 potions of ambrosia
 v - 9 potions of brilliance
 z - 5 potions of cancellation
 A - 30 potions of curing
 B - 4 potions of magic
 C - 4 potions of resistance
 D - a potion of berserk rage {!q}
 E - 5 potions of haste
 I - 6 potions of heal wounds
 R - 11 potions of flight
 W - 2 potions of invisibility
Miscellaneous
 i - 3 sacks of spiders
 w - a phial of floods
 G - a lightning rod (4/4)
 H - a fan of gales
 J - a lamp of fire
 M - a box of beasts
 U - 7 phantom mirrors
Comestibles
 d - 79 rations


   Skills:
 + Level 19.8 Fighting
 + Level 19.7 Short Blades
 + Level 19.7 Long Blades
 + Level 19.7 Axes
 + Level 19.7 Maces & Flails
 + Level 19.7 Polearms
 + Level 19.7 Staves
 + Level 19.7 Slings
 + Level 19.7 Bows
 + Level 19.7 Crossbows
 + Level 19.7 Throwing
 + Level 19.7 Armour
 + Level 20.1 Dodging
 + Level 19.7 Stealth
 + Level 19.7 Shields
 + Level 20.4 Unarmed Combat
 + Level 20.1 Spellcasting
 + Level 17.0 Conjurations
 + Level 17.0 Hexes
 + Level 17.0 Charms
 + Level 17.0 Summonings
 + Level 17.0 Necromancy
 + Level 17.0 Translocations
 + Level 17.4 Transmutations
 + Level 17.0 Fire Magic
 + Level 17.0 Ice Magic
 + Level 17.0 Air Magic
 + Level 17.0 Earth Magic
 + Level 17.0 Poison Magic
 + Level 21.1 Invocations
 + Level 19.7 Evocations


You had 2 spell levels left.
You knew the following spells:

 Your Spells              Type           Power        Failure   Level  Hunger
a - Apportation           Tloc           ######       1%          1    None
b - Passwall              Tmut/Erth      #######...   1%          2    None
c - Blade Hands           Tmut           #######...   1%          5    None
d - Tukima's Dance        Hex            #######.     1%          3    None
e - Blink                 Tloc           N/A          1%          2    None
f - Portal Projectile     Hex/Tloc       ######       1%          3    None
g - Confusing Touch       Hex            ######       1%          1    None
h - Hydra Form            Tmut           #######...   4%          6    ###....
i - Irradiate             Conj/Tmut      #######...   1%          5    None
j - Silence               Hex/Air        #######...   1%          5    None
k - Lee's Rapid Deconstr  Erth           #######...   1%          5    None
n - Swiftness             Chrm/Air       #######.     1%          2    None
r - Regeneration          Chrm/Necr      #######...   1%          3    None
w - Sticks to Snakes      Tmut           #######.     1%          2    None
x - Animate Skeleton      Necr           N/A          1%          1    None
C - Corpse Rot            Necr           N/A          1%          2    None
D - Deflect Missiles      Chrm/Air       #######...   6%          6    ###....
P - Passage of Golubria   Tloc           N/A          1%          4    None
S - Statue Form           Tmut/Erth      #######..    5%          6    ###....


Dungeon Overview and Level Annotations

Branches:
Dungeon (15/15)            Temple (1/1) D:5            Lair (6/6) D:10
  Swamp (4/4) Lair:3       Spider (4/4) Lair:2        Slime (5/5) Lair:5
    Orc (2/2) D:12            Elf (3/3) Orc:2        Vaults (5/5) D:13
  Crypt (3/3) Vaults:3       Tomb (0/3) Crypt:3      Depths (5/5) D:15
    Zot (5/5) Depths:5

Altars:
Cheibriados
Dithmenos
Elyvilon
Fedhas
Gozag
Kikubaaqudgha
Makhleb
Okawaru
Ru
Vehumet
Wu Jian
Yredelemnul
The Shining One
Beogh
Jiyva

Shops:
D:6 [   D:7 [   D:11 :*[[   D:13 }   Orc:2 ([*=   Elf:2 *(   Elf:3 [
Vaults:2 [   Vaults:3 !   Depths:2 }==

Portals:
Hell: Depths:1 Depths:2 Depths:3 Depths:4 Depths:5
Abyss: Depths:1 Depths:3 Depths:4
Pandemonium: Depths:2 Depths:3
Ziggurat: Depths:2

Annotations:
Depths:2 ?EA
Depths:3 GDA + -6 gloves, exclusion: door
Depths:5 ?EW


Innate Abilities, Weirdness & Mutations

Your experience applies equally to all skills.
You have very sharp teeth.
Your uncanny sense of smell can sniff out nearby items.
You are partially covered in slimy green scales. (AC +2)
You can translocate small distances at will.
Scrolls take you a little longer to read.
Your body sometimes deteriorates upon taking damage.
You are resistant to hostile enchantments. (MR+)


Message History

You bite the ice devil, but do no damage.
The ice devil is heavily wounded.
The ice devil hits you but does no damage.
You closely miss the ice devil. Your bite misses the ice devil.
The ice devil is heavily wounded.
You pummel the ice devil!!
You kill the ice devil!
The Council accepts your kill.
No target in view!
The air is filled with shimmering golden clouds!
Sifu Cai Fang says: The storm will not cease as long as you keep fighting, disciple!
There is a stone staircase leading down here.
Casting: Regeneration
Confirm with . or Enter, or press ? or * to list all spells.
Which direction?
You begin to meditate on the wall.
You continue meditating on the rock. x3
You finish merging with the rock.
Unknown command.
There is a staircase leading out of the dungeon here.
You have escaped!

# #.#.###..# #.# #.#........## #
#.....#..###.# #.###........ #
###.#........#####.# #.#.....# #
#.#..............# #.#.(...# #
#.#....#########.###.###.#.# #
#.#....# #§§§##.# #.#.#
######.#....# ######R§§##.# #.#..
.......#....# #§§§##§§§##.# #.#..
########....# #§@§##§§§##.# #.#..
............# #§§§##§§§##.###.#..
.########...# #§####§§§##........
.# #...# #.#########.###.#.. .#
#...# #.##.....##.# #.##. .#
##### #.##..⌠..'..# #.... .#
#.##.....#.## ####.
.##############.##..8..#.#####.#.
.#...........##.##.....#.#...#...


There were no monsters in sight!

Vanquished Creatures
  the Royal Jelly (Slime:5)
  10 orbs of fire (Zot:5)
  7 ancient liches
  A juggernaut (Depths:4)
  Boris (Depths:5)
  Frederick (Depths:4)
  Bai Suzhen (Crypt:3)
  Margery (Depths:4)
  3 curse toes
  4 Killer Klowns (Zot:5)
  6 caustic shrikes (Depths:4)
  2 pandemonium lords
  16 golden dragons
  4 bone dragons
  7 electric golems
  A Brimstone Fiend (Depths:5)
  The ghost of dobroeutro the Executioner, an adept MiFi of Okawaru (Elf:3)
  8 liches
  12 tentacled monstrosities
  29 Orb Guardians
  Rupert (D:13)
  2 deep elf blademasters (Elf:3)
  3 titans (Vaults:5)
  Asterion (D:13)
  7 quicksilver dragons
  11 sphinxes
  12 death cobs
  20 acid blobs
  2 deep elf master archers (Elf:3)
  6 tentacled starspawn
  2 thorn hunters
  22 storm dragons
  15 shadow dragons
  Roxanne (Swamp:1)
  5 tengu reavers
  7 draconian monks
  12 azure jellies
  10 draconian knights
  10 draconian scorchers
  An imperial myrmidon (Desolation)
  2 ghost moths
  5 deep elf sorcerers
  9 frost giants
  2 deep elf elementalists
  6 vault wardens
  3 cacodemons
  6 emperor scorpions (Spider:4)
  7 fire giants
  2 iron dragons
  Aizul (Vaults:3)
  2 balrugs
  2 orc warlords
  11 draconian shifters
  2 curse skulls
  The ghost of Rhok the Blocker, a journeyman OpFi of Cheibriados (Lair:4)
  A spriggan defender (Depths:3)
  6 draconian stormcallers
  6 ghouls (Crypt:1)
  8 very ugly things
  14 ironheart preservers
  11 draconian annihilators
  2 reapers
  6 war gargoyles
  25 stone giants
  5 vampire knights
  4 entropy weavers
  17 green draconians
  11 deep elf demonologists
  14 black draconians
  8 deep elf annihilators
  2 halazid warlocks (Desolation)
  10 red draconians
  11 spark wasps
  12 purple draconians
  A lorocyproca (D:2)
  2 dire elephants (Depths:2)
  8 yellow draconians
  20 white draconians
  3 eidola (Crypt:2)
  A blizzard demon (Abyss:3)
  A green death (Depths:3)
  The ghost of EvilAshe the Spear-Bearer, a journeyman CeSk of Okawaru (D:14)
  23 fire dragons
  12 deep elf death magi
  5 death oozes (Slime:5)
  A minotaur (Lab)
  A mummy priest (Crypt:3)
  A crystal guardian (Desolation)
  3 jiangshi
  8 deep elf high priests
  15 ettins
  17 great orbs of eyes
  28 vault guards
  16 yaktaur captains
  9 ragged hierophants (Desolation)
  2 rakshasas
  The ghost of Agrougrou the Martial Artist, a journeyman OpTm of Makhleb (D:13)
  17 hydras
  5 spriggan air magi
  8 servants of whispers (Desolation)
  A monstrous demonspawn (Depths:3)
  A hell beast (Depths:2)
  11 ice dragons
  3 ghost crabs
  8 peacekeepers
  A catoblepas (D:14)
  11 centaur warriors
  A satyr (Abyss:3)
  33 two-headed ogres
  8 alligators
  A titan zombie (Vaults:5)
  3 death knights
  3 tengu warriors
  8 vampire magi
  17 small abominations
  10 deep troll shamans
  9 ogre magi
  2 hell hogs (D:6)
  5 orc high priests
  9 thrashing horrors
  22 dancing weapons
  Urug (D:13)
  5 soul eaters
  9 deep troll earth magi
  23 deep elf knights
  Sonja (Lair:4)
  3 wretched stars (Abyss:3)
  7 sixfirhies
  5 sun demons
  A titan skeleton (Crypt:3)
  21 hell knights
  3 fire crabs (shapeshifter)
  3 iron trolls (Depths:2)
  2 shadow wraiths
  A fire crab (D:13)
  27 skeletal warriors
  A salamander mystic (Depths:1)
  2 spatial maelstroms (Abyss:3)
  A ghost moth zombie (Crypt:3)
  A quicksilver dragon simulacrum (Crypt:1)
  8 glowing orange brains
  2 shadow demons
  22 deep trolls
  19 starcursed masses (Abyss:3)
  2 wizards
  A flayed ghost (Depths:3)
  2 unseen horrors
  An obsidian statue (Zot:5)
  8 swamp dragons
  An anaconda zombie (Crypt:1)
  24 ironbrand convokers
  A gelid demonspawn (Depths:2)
  20 orc knights
  18 deep elf archers
  An infernal demonspawn (Depths:1)
  A golden dragon skeleton (Crypt:1)
  2 shadow dragon zombies (Crypt:3)
  A shambling mangrove (Swamp:3)
  4 phantasmal warriors
  31 wolf spiders
  Pikel (D:4)
  A harpy (shapeshifter) (Vaults:4)
  3 lindwurms
  6 orc sorcerers
  20 necromancers
  A sphinx zombie (Depths:2)
  2 manticores
  A wolf spider zombie (Crypt:3)
  3 stone giant zombies
  27 ugly things
  5 salamanders
  23 orb spiders
  2 shadow dragon skeletons
  6 shining eyes
  47 deep elf magi
  A fire giant zombie (Crypt:3)
  Maurice (D:8)
  An iron dragon zombie (Crypt:3)
  A draconian (Abyss:3)
  36 moths of wrath
  5 cyclopes
  A moth of wrath (shapeshifter) (Vaults:5)
  An iron dragon skeleton (Crypt:3)
  4 worldbinders
  A frost giant skeleton (Depths:3)
  Joseph (D:7)
  A stone giant skeleton (Crypt:3)
  19 elephants
  16 vault sentinels
  3 guardian serpents (Abyss:3)
  A black mamba (Lair:6)
  A naga mage (Abyss:3)
  3 molten gargoyles
  A black mamba (shapeshifter) (Depths:5)
  A fire giant skeleton (Crypt:1)
  5 rust devils
  A toenail golem (D:12)
  2 dire elephant zombies
  11 smoke demons
  22 spiny frogs
  2 spriggan skeletons
  A hellion (Abyss:3)
  7 gargoyles
  5 ice statues (IceCv)
  A spiny frog (shapeshifter) (Vaults:4)
  An eye of devastation (Slime:3)
  3 apocalypse crabs (Abyss:3)
  6 torpor snails
  4 orange demons
  6 rime drakes
  A rime drake (shapeshifter) (D:15)
  3 anaconda simulacra (IceCv)
  5 freezing wraiths
  4 kobold demonologists
  43 yaktaurs
  A golden dragon simulacrum (IceCv)
  2 efreet
  14 komodo dragons
  3 hellwings
  9 red devils
  9 demonic crawlers
  An ice devil (D:1)
  A tormentor (Abyss:2)
  8 trolls
  4 tengu conjurers
  3 ancient zymes (Abyss:3)
  A troll (shapeshifter) (Vaults:2)
  9 tyrant leeches
  A tengu simulacrum (Depths:3)
  A merfolk (shapeshifter) (Vaults:5)
  22 hornets
  2 polar bears
  A meliai (shapeshifter) (Elf:2)
  2 queen bees (shapeshifter)
  96 slime creatures
  3 hydra skeletons
  2 polar bears (shapeshifter) (D:15)
  3 blink frogs (Abyss:3)
  34 jumping spiders
  2 wind drakes (shapeshifter)
  15 raiju
  A hornet (shapeshifter) (Depths:2)
  An ice dragon zombie (Crypt:3)
  55 saltlings (Desolation)
  9 hippogriffs
  A frost giant simulacrum (Depths:3)
  A dream sheep (shapeshifter) (Vaults:5)
  9 bog bodies
  A fire giant simulacrum (Depths:1)
  A fire dragon zombie (Depths:1)
  89 redbacks
  2 blink frogs (shapeshifter)
  A flying skull (Abyss:3)
  13 air elementals
  A meliai zombie (Crypt:2)
  An ettin skeleton (Depths:2)
  3 water elementals
  An orc simulacrum (Vaults:1)
  5 shadows
  30 tarantellas
  9 wraiths
  6 wyverns
  Eustachio (D:5)
  16 humans
  27 yaks
  10 spriggans
  5 vampires
  10 ynoxinuls
  6 fire elementals
  A dire elephant simulacrum (IceCv)
  A fire bat (shapeshifter) (Vaults:1)
  7 hungry ghosts
  2 basilisks
  A fire bat (Swamp:4)
  7 neqoxecs
  5 steam dragons
  8 chaos spawn
  12 vampire mosquitoes
  A spatial vortex (Abyss:3)
  4 insubstantial wisps
  5 wargs
  A gelid demonspawn skeleton (Crypt:1)
  14 swamp worms
  A soldier ant (D:15)
  2 acid dragons
  3 hydra simulacra (IceCv)
  15 water moccasins
  A deep troll skeleton (Vaults:5)
  2 hell hounds (Depths:1)
  A spiny frog skeleton (Crypt:2)
  12 porcupines
  2 two-headed ogre skeletons
  2 floating eyes
  4 sky beasts
  An eye of draining (shapeshifter) (D:13)
  16 swamp drakes
  14 ice beasts
  52 orc warriors
  4 eyes of draining
  3 phantoms
  An elf zombie (Vaults:5)
  A fire dragon simulacrum (Depths:1)
  A black bear (D:6)
  A slave (D:4)
  A blink frog zombie (Crypt:1)
  28 ogres
  An ettin simulacrum (IceCv)
  12 wolves
  9 boggarts
  2 human zombies (Vaults:5)
  4 necrophages
  16 centaurs
  A snapping turtle skeleton (Crypt:1)
  22 large abominations
  24 crocodiles
  4 big kobolds
  A fire crab zombie (Crypt:1)
  15 bullfrogs
  4 elf skeletons
  3 wyvern zombies
  4 earth elementals
  6 scorpions
  A scorpion (shapeshifter) (Depths:3)
  A jelly (D:5)
  A water moccasin skeleton (Crypt:2)
  A polar bear skeleton (Crypt:2)
  14 killer bees
  2 spriggan zombies
  An elf simulacrum (Vaults:5)
  12 wights
  4 howler monkeys
  2 electric eels (D:14)
  12 crimson imps
  4 centaur zombies
  6 quasits
  A bullfrog zombie (D:8)
  2 human simulacra
  33 orc priests
  8 hounds
  2 bullfrog skeletons
  29 orc wizards
  A gnoll shaman (Orc:1)
  6 iron imps
  4 centaur skeletons
  A demonspawn skeleton (Crypt:1)
  8 iguanas
  6 worker ants
  2 hell rats (Lair:2)
  A big kobold skeleton (Crypt:2)
  A worker ant zombie (D:8)
  16 gnolls
  An adder (shapeshifter) (Vaults:5)
  A howler monkey skeleton (Crypt:2)
  12 adders
  10 river rats (Lair:2)
  9 shadow imps
  6 white imps
  9 ufetubi
  2 oozes (D:2)
  An adder skeleton (D:10)
  An adder zombie (D:5)
  5 worms
  A barachi skeleton (Crypt:1)
  A barachi zombie (Crypt:1)
  2 dart slugs
  7 leopard geckos
  110 orcs
  3 ball pythons
  12 bats
  5 giant cockroaches
  3 goblins
  7 hobgoblins
  14 jackals
  18 kobolds
  4 quokkas
  A dart slug zombie (Crypt:1)
  9 frilled lizards
  A hobgoblin skeleton (Crypt:1)
  A jackal skeleton (D:4)
  A jackal zombie (D:5)
  A leopard gecko zombie (D:7)
  A quokka skeleton (D:4)
  A quokka zombie (D:6)
  14 rats
  2 lurking horrors
  A plant (Lair:6)
  3 starspawn tentacles (Abyss:3)
2933 creatures vanquished.

Vanquished Creatures (collateral kills)
  Mennas (Vaults:3)
  A deep elf elementalist (Elf:3)
  A fire dragon (Swamp:4)
  2 crystal guardians (Desolation)
  A peacekeeper (Desolation)
  3 hydras (Swamp:4)
  2 servants of whispers (Desolation)
  A two-headed ogre (Vaults:4)
  A deep elf knight (Elf:2)
  3 swamp dragons (Swamp:4)
  A deep elf mage (Elf:1)
  A lindwurm (Swamp:4)
  An orc knight (Vaults:4)
  A vault sentinel (Vaults:4)
  2 yaktaurs (Vaults:4)
  A slime creature (Swamp:4)
  6 saltlings (Desolation)
  5 fire bats (Swamp:4)
  A steam dragon (Swamp:4)
  A swamp worm (Swamp:4)
  5 swamp drakes
41 creatures vanquished.

Vanquished Creatures (others)
  A pandemonium lord (Depths:5)
  A draconian annihilator (Zot:3)
  A stone giant (Depths:5)
  A white draconian (Zot:3)
  A hell hog (D:6)
  An ogre mage (Vaults:5)
  A deep elf knight (Vaults:5)
  A wizard (Depths:2)
  An ironbrand convoker (Vaults:3)
  2 swamp dragons (Swamp:4)
  A lindwurm (Swamp:4)
  An ugly thing (Depths:3)
  2 jumping spiders (Spider:4)
  A raiju (Abyss:4)
  A hungry ghost (Crypt:3)
  4 swamp drakes (Swamp:4)
  9 fungi
  7 plants
  14 starspawn tentacles
  18 withered plants (Crypt:3)
69 creatures vanquished.

Grand Total: 3043 creatures vanquished

Notes
Turn   | Place    | Note
-------+----------+-------------------------------------------
     0 | D:1      | mopl the Gnoll Transmuter began the quest for the Orb.
     0 | D:1      | Reached XP level 1. HP: 17/17 MP: 6/6
    53 | D:1      | Reached XP level 2. HP: 7/23 MP: 5/7
    59 | D:1      | Learned a level 2 spell: Sticks to Snakes
   709 | D:1      | Reached XP level 3. HP: 17/28 MP: 7/9
   714 | D:1      | Learned a level 3 spell: Spider Form
   769 | D:1      | Reached skill level 5 in Spellcasting
  1107 | D:2      | Reached skill level 1 in Invocations
  1126 | D:2      | Reached skill level 1 in Short Blades
  1126 | D:2      | Reached skill level 1 in Long Blades
  1126 | D:2      | Reached skill level 1 in Axes
  1126 | D:2      | Reached skill level 1 in Maces & Flails
  1126 | D:2      | Reached skill level 1 in Polearms
  1126 | D:2      | Reached skill level 1 in Staves
  1126 | D:2      | Reached skill level 1 in Slings
  1126 | D:2      | Reached skill level 1 in Bows
  1126 | D:2      | Reached skill level 1 in Crossbows
  1126 | D:2      | Reached skill level 1 in Throwing
  1126 | D:2      | Reached skill level 1 in Armour
  1126 | D:2      | Reached skill level 1 in Stealth
  1126 | D:2      | Reached skill level 1 in Shields
  1126 | D:2      | Reached skill level 1 in Evocations
  1370 | D:2      | Reached XP level 4. HP: 27/34 MP: 9/11
  1378 | D:2      | Learned a level 4 spell: Ice Form
  1706 | D:2      | Reached skill level 1 in Conjurations
  1706 | D:2      | Reached skill level 1 in Hexes
  1706 | D:2      | Reached skill level 1 in Charms
  1706 | D:2      | Reached skill level 1 in Summonings
  1706 | D:2      | Reached skill level 1 in Necromancy
  1706 | D:2      | Reached skill level 1 in Translocations
  1706 | D:2      | Reached skill level 1 in Fire Magic
  1706 | D:2      | Reached skill level 1 in Ice Magic
  1706 | D:2      | Reached skill level 1 in Air Magic
  1706 | D:2      | Reached skill level 1 in Earth Magic
  1706 | D:2      | Reached skill level 1 in Poison Magic
  2028 | D:3      | Found an ancient bone altar of Kikubaaqudgha.
  2033 | D:3      | Reached XP level 5. HP: 40/40 MP: 6/12
  2378 | D:3      | Reached skill level 3 in Fighting
  2635 | D:4      | Reached skill level 4 in Transmutations
  2733 | D:4      | Reached skill level 2 in Invocations
  2733 | D:4      | Reached XP level 6. HP: 47/47 MP: 9/13
  2751 | D:4      | Learned a level 5 spell: Blade Hands
  2994 | D:4      | Noticed Pikel
  2994 | D:4      | Noticed a slave
  2994 | D:4      | Noticed a slave
  2995 | D:4      | Noticed a slave
  3000 | D:4      | Killed a slave
  3006 | D:4      | Killed Pikel
  3006 | D:4      | Reached skill level 2 in Short Blades
  3006 | D:4      | Reached skill level 2 in Long Blades
  3006 | D:4      | Reached skill level 2 in Axes
  3006 | D:4      | Reached skill level 2 in Maces & Flails
  3006 | D:4      | Reached skill level 2 in Polearms
  3006 | D:4      | Reached skill level 2 in Staves
  3006 | D:4      | Reached skill level 2 in Slings
  3006 | D:4      | Reached skill level 2 in Bows
  3006 | D:4      | Reached skill level 2 in Crossbows
  3006 | D:4      | Reached skill level 2 in Throwing
  3006 | D:4      | Reached skill level 2 in Armour
  3006 | D:4      | Reached skill level 5 in Dodging
  3006 | D:4      | Reached skill level 2 in Stealth
  3006 | D:4      | Reached skill level 2 in Shields
  3006 | D:4      | Reached skill level 7 in Unarmed Combat
  3006 | D:4      | Reached skill level 2 in Conjurations
  3006 | D:4      | Reached skill level 2 in Hexes
  3006 | D:4      | Reached skill level 2 in Charms
  3006 | D:4      | Reached skill level 2 in Summonings
  3006 | D:4      | Reached skill level 2 in Necromancy
  3006 | D:4      | Reached skill level 2 in Translocations
  3006 | D:4      | Reached skill level 2 in Fire Magic
  3006 | D:4      | Reached skill level 2 in Ice Magic
  3006 | D:4      | Reached skill level 2 in Air Magic
  3006 | D:4      | Reached skill level 2 in Earth Magic
  3006 | D:4      | Reached skill level 2 in Poison Magic
  3006 | D:4      | Reached skill level 2 in Evocations
  3006 | D:4      | Reached XP level 7. HP: 44/53 MP: 9/15
  3328 | D:5      | Entered Level 5 of the Dungeon
  3352 | D:5      | Reached skill level 3 in Invocations
  3457 | D:5      | Reached XP level 8. HP: 60/60 MP: 13/16
  3517 | D:5      | Found a white marble altar of Elyvilon.
  3561 | D:5      | Reached skill level 4 in Fighting
  3561 | D:5      | Reached skill level 3 in Short Blades
  3561 | D:5      | Reached skill level 3 in Long Blades
  3561 | D:5      | Reached skill level 3 in Axes
  3561 | D:5      | Reached skill level 3 in Maces & Flails
  3561 | D:5      | Reached skill level 3 in Polearms
  3561 | D:5      | Reached skill level 3 in Staves
  3561 | D:5      | Reached skill level 3 in Slings
  3561 | D:5      | Reached skill level 3 in Bows
  3561 | D:5      | Reached skill level 3 in Crossbows
  3561 | D:5      | Reached skill level 3 in Throwing
  3561 | D:5      | Reached skill level 3 in Armour
  3561 | D:5      | Reached skill level 3 in Stealth
  3561 | D:5      | Reached skill level 3 in Shields
  3561 | D:5      | Reached skill level 3 in Evocations
  3568 | D:5      | Learned a level 2 spell: Blink
  3750 | D:5      | Found a basalt altar of Yredelemnul.
  3779 | D:5      | Found a staircase to the Ecumenical Temple.
  3825 | Temple   | Entered the Ecumenical Temple
  3828 | Temple   | Became a worshipper of the Wu Jian Council
  3921 | D:5      | Noticed Eustachio
  3939 | D:5      | Killed Eustachio
  3939 | D:5      | Reached skill level 6 in Spellcasting
  3991 | D:5      | Found a blossoming altar of Fedhas.
  4307 | D:6      | Found Xiadang's Armour Shop.
  4443 | D:6      | Found a glowing drain.
  4448 | Sewer    | Entered a sewer
  4623 | D:6      | Reached skill level 4 in Invocations
  4626 | D:6      | Reached skill level 3 in Conjurations
  4626 | D:6      | Reached skill level 3 in Hexes
  4626 | D:6      | Reached skill level 3 in Charms
  4626 | D:6      | Reached skill level 3 in Summonings
  4626 | D:6      | Reached skill level 3 in Necromancy
  4626 | D:6      | Reached skill level 3 in Translocations
  4626 | D:6      | Reached skill level 3 in Fire Magic
  4626 | D:6      | Reached skill level 3 in Ice Magic
  4626 | D:6      | Reached skill level 3 in Air Magic
  4626 | D:6      | Reached skill level 3 in Earth Magic
  4626 | D:6      | Reached skill level 3 in Poison Magic
  4628 | D:6      | Reached XP level 9. HP: 66/66 MP: 12/18
  4631 | D:6      | Reached skill level 6 in Dodging
  4633 | D:6      | Reached skill level 5 in Transmutations
  4673 | D:6      | Reached * piety under Wu Jian
  5026 | D:6      | Reached skill level 4 in Short Blades
  5026 | D:6      | Reached skill level 4 in Long Blades
  5026 | D:6      | Reached skill level 4 in Axes
  5026 | D:6      | Reached skill level 4 in Maces & Flails
  5026 | D:6      | Reached skill level 4 in Polearms
  5026 | D:6      | Reached skill level 4 in Staves
  5026 | D:6      | Reached skill level 4 in Slings
  5026 | D:6      | Reached skill level 4 in Bows
  5026 | D:6      | Reached skill level 4 in Crossbows
  5026 | D:6      | Reached skill level 4 in Throwing
  5026 | D:6      | Reached skill level 4 in Armour
  5026 | D:6      | Reached skill level 4 in Stealth
  5026 | D:6      | Reached skill level 4 in Shields
  5026 | D:6      | Reached skill level 4 in Evocations
  5032 | D:6      | Found a burning altar of Makhleb.
  5233 | D:6      | Found an iron altar of Okawaru.
  5376 | D:7      | Found a shadowy altar of Dithmenos.
  5388 | D:7      | Reached skill level 5 in Fighting
  5404 | D:7      | Noticed Joseph
  5429 | D:7      | Killed Joseph
  5429 | D:7      | Reached skill level 8 in Unarmed Combat
  6002 | D:7      | Found a glowing golden altar of the Shining One.
  6008 | D:7      | Reached skill level 5 in Invocations
  6514 | D:7      | Found Kuss's Armour Emporium.
  6757 | D:7      | Found a radiant altar of Vehumet.
  6757 | D:7      | Found an opulent altar of Gozag.
  6818 | D:8      | Reached XP level 10. HP: 74/74 MP: 17/20
  6867 | D:8      | Reached skill level 7 in Spellcasting
  6954 | D:8      | Reached skill level 4 in Conjurations
  6954 | D:8      | Reached skill level 4 in Hexes
  6954 | D:8      | Reached skill level 4 in Charms
  6954 | D:8      | Reached skill level 4 in Summonings
  6954 | D:8      | Reached skill level 4 in Necromancy
  6954 | D:8      | Reached skill level 4 in Translocations
  6954 | D:8      | Reached skill level 4 in Fire Magic
  6954 | D:8      | Reached skill level 4 in Ice Magic
  6954 | D:8      | Reached skill level 4 in Air Magic
  6954 | D:8      | Reached skill level 4 in Earth Magic
  6954 | D:8      | Reached skill level 4 in Poison Magic
  7047 | D:8      | Reached ** piety under Wu Jian
  7209 | D:8      | Reached skill level 5 in Short Blades
  7209 | D:8      | Reached skill level 5 in Long Blades
  7209 | D:8      | Reached skill level 5 in Axes
  7209 | D:8      | Reached skill level 5 in Maces & Flails
  7209 | D:8      | Reached skill level 5 in Polearms
  7209 | D:8      | Reached skill level 5 in Staves
  7209 | D:8      | Reached skill level 5 in Slings
  7209 | D:8      | Reached skill level 5 in Bows
  7209 | D:8      | Reached skill level 5 in Crossbows
  7209 | D:8      | Reached skill level 5 in Throwing
  7209 | D:8      | Reached skill level 5 in Armour
  7209 | D:8      | Reached skill level 5 in Stealth
  7209 | D:8      | Reached skill level 5 in Shields
  7209 | D:8      | Reached skill level 5 in Evocations
  7470 | D:8      | Noticed Maurice
  7482 | D:8      | Killed Maurice
  7482 | D:8      | Reached skill level 7 in Dodging
  8017 | D:9      | Reached skill level 6 in Fighting
  8039 | D:9      | Found a blossoming altar of Fedhas.
  8040 | D:9      | Noticed a two-headed ogre
  8054 | D:9      | Killed a two-headed ogre
  8054 | D:9      | Reached skill level 6 in Transmutations
  8054 | D:9      | Reached skill level 6 in Invocations
  8208 | D:9      | Noticed a two-headed ogre
  8223 | D:9      | Killed a two-headed ogre
  8223 | D:9      | Reached XP level 11. HP: 47/82 MP: 13/22
  8265 | D:9      | Got a scorched whip
  8285 | D:9      | Learned a level 1 spell: Apportation
  8287 | D:9      | Learned a level 1 spell: Animate Skeleton
  8289 | D:9      | Learned a level 1 spell: Confusing Touch
  8796 | D:9      | Reached *** piety under Wu Jian
  8796 | D:9      | Reached skill level 6 in Short Blades
  8796 | D:9      | Reached skill level 6 in Long Blades
  8796 | D:9      | Reached skill level 6 in Axes
  8796 | D:9      | Reached skill level 6 in Maces & Flails
  8796 | D:9      | Reached skill level 6 in Polearms
  8796 | D:9      | Reached skill level 6 in Staves
  8796 | D:9      | Reached skill level 6 in Slings
  8796 | D:9      | Reached skill level 6 in Bows
  8796 | D:9      | Reached skill level 6 in Crossbows
  8796 | D:9      | Reached skill level 6 in Throwing
  8796 | D:9      | Reached skill level 6 in Armour
  8796 | D:9      | Reached skill level 6 in Stealth
  8796 | D:9      | Reached skill level 6 in Shields
  8796 | D:9      | Reached skill level 9 in Unarmed Combat
  8796 | D:9      | Reached skill level 6 in Evocations
  8806 | D:9      | Reached skill level 5 in Conjurations
  8806 | D:9      | Reached skill level 5 in Hexes
  8806 | D:9      | Reached skill level 5 in Charms
  8806 | D:9      | Reached skill level 5 in Summonings
  8806 | D:9      | Reached skill level 5 in Necromancy
  8806 | D:9      | Reached skill level 5 in Translocations
  8806 | D:9      | Reached skill level 5 in Fire Magic
  8806 | D:9      | Reached skill level 5 in Ice Magic
  8806 | D:9      | Reached skill level 5 in Air Magic
  8806 | D:9      | Reached skill level 5 in Earth Magic
  8806 | D:9      | Reached skill level 5 in Poison Magic
  9277 | D:10     | Entered Level 10 of the Dungeon
  9371 | D:10     | Reached skill level 8 in Spellcasting
  9620 | D:10     | Found a staircase to the Lair.
  9861 | D:10     | Reached skill level 7 in Invocations
  9872 | D:10     | Reached **** piety under Wu Jian
 10276 | D:10     | Reached skill level 7 in Fighting
 10276 | D:10     | Reached skill level 8 in Dodging
 10513 | Lair:1   | Entered Level 1 of the Lair of Beasts
 10737 | D:11     | Found Vyuh's Antique Armour Shop.
 10760 | D:11     | Noticed a cyclops
 10806 | D:11     | Killed a cyclops
 10824 | D:11     | Reached XP level 12. HP: 22/91 MP: 3/24
 10995 | D:11     | Found a flickering gateway to a bazaar.
 11004 | Bazaar   | Entered a bazaar
 11004 | Bazaar   | Found Veucauf's Distillery.
 11004 | Bazaar   | Found Paeclihu's Antique Armour Emporium.
 11012 | Bazaar   | Found Quufixko's Gadget Shoppe.
 11027 | Bazaar   | Found Xilues's Assorted Antiques.
 11035 | Bazaar   | Bought a scroll labeled UMOK EL KAA for 30 gold pieces
 11035 | Bazaar   | Bought a scroll labeled POPOAJ EGAR for 30 gold pieces
 11045 | Bazaar   | Bought a potion of heal wounds for 60 gold pieces
 11045 | Bazaar   | Bought a potion of magic for 96 gold pieces
 11051 | Bazaar   | Bought a runed cloak for 157 gold pieces
 11051 | Bazaar   | Bought a glowing hat for 147 gold pieces
 11079 | Bazaar   | Bought a potion of curing for 36 gold pieces
 11079 | Bazaar   | Bought a potion of curing for 36 gold pieces
 11079 | Bazaar   | Bought a potion of curing for 36 gold pieces
 11466 | D:11     | Found Ufill's Armour Shop.
 11471 | D:11     | Noticed a centaur warrior
 11485 | D:11     | Killed a centaur warrior
 11485 | D:11     | Reached skill level 7 in Transmutations
 11503 | D:11     | Found Sifude's General Store.
 11510 | D:11     | Bought a scroll of fog for 22 gold pieces
 11517 | D:11     | Found Said Agoef's Book Shop.
 12077 | D:12     | Reached skill level 7 in Short Blades
 12077 | D:12     | Reached skill level 7 in Long Blades
 12077 | D:12     | Reached skill level 7 in Axes
 12077 | D:12     | Reached skill level 7 in Maces & Flails
 12077 | D:12     | Reached skill level 7 in Polearms
 12077 | D:12     | Reached skill level 7 in Staves
 12077 | D:12     | Reached skill level 7 in Slings
 12077 | D:12     | Reached skill level 7 in Bows
 12077 | D:12     | Reached skill level 7 in Crossbows
 12077 | D:12     | Reached skill level 7 in Throwing
 12077 | D:12     | Reached skill level 7 in Armour
 12077 | D:12     | Reached skill level 7 in Stealth
 12077 | D:12     | Reached skill level 7 in Shields
 12077 | D:12     | Reached skill level 7 in Evocations
 12147 | D:12     | Found a roughly hewn altar of Beogh.
 12147 | D:12     | Found a staircase to the Orcish Mines.
 13057 | Lair:1   | Reached skill level 6 in Conjurations
 13057 | Lair:1   | Reached skill level 6 in Hexes
 13057 | Lair:1   | Reached skill level 6 in Charms
 13057 | Lair:1   | Reached skill level 6 in Summonings
 13057 | Lair:1   | Reached skill level 6 in Necromancy
 13057 | Lair:1   | Reached skill level 6 in Translocations
 13057 | Lair:1   | Reached skill level 6 in Fire Magic
 13057 | Lair:1   | Reached skill level 6 in Ice Magic
 13057 | Lair:1   | Reached skill level 6 in Air Magic
 13057 | Lair:1   | Reached skill level 6 in Earth Magic
 13057 | Lair:1   | Reached skill level 6 in Poison Magic
 13462 | Lair:1   | Reached skill level 8 in Invocations
 13565 | D:11     | Bought a scroll of blinking for 82 gold pieces
 14025 | Lair:2   | Noticed a six-headed hydra
 14036 | Lair:2   | Killed a six-headed hydra
 14036 | Lair:2   | Reached skill level 9 in Spellcasting
 14315 | Lair:2   | Reached ***** piety under Wu Jian
 14442 | Lair:2   | Reached skill level 8 in Fighting
 14442 | Lair:2   | Reached skill level 10 in Unarmed Combat
 14500 | Lair:2   | Found a hole to the Spider Nest.
 14541 | Lair:2   | Reached skill level 9 in Dodging
 14915 | Lair:3   | Reached XP level 13. HP: 41/98 MP: 6/26
 15043 | Lair:3   | Found a staircase to the Swamp.
 15082 | Lair:3   | Found a labyrinth entrance.
 15102 | Lab      | Entered a labyrinth
 16368 | Lab      | Noticed a minotaur
 16377 | Lab      | Killed a minotaur
 16383 | Lab      | Identified Sif Muna's Papyrus of the Nocuous Volcanoes
 16386 | Lab      | Identified the Papyrus of Hexes
 16391 | Lab      | Identified Sif Muna's Almanac of Translocation
 16618 | Lair:3   | Reached skill level 8 in Short Blades
 16618 | Lair:3   | Reached skill level 8 in Long Blades
 16618 | Lair:3   | Reached skill level 8 in Axes
 16618 | Lair:3   | Reached skill level 8 in Maces & Flails
 16618 | Lair:3   | Reached skill level 8 in Polearms
 16618 | Lair:3   | Reached skill level 8 in Staves
 16618 | Lair:3   | Reached skill level 8 in Slings
 16618 | Lair:3   | Reached skill level 8 in Bows
 16618 | Lair:3   | Reached skill level 8 in Crossbows
 16618 | Lair:3   | Reached skill level 8 in Throwing
 16618 | Lair:3   | Reached skill level 8 in Armour
 16618 | Lair:3   | Reached skill level 8 in Stealth
 16618 | Lair:3   | Reached skill level 8 in Shields
 16618 | Lair:3   | Reached skill level 8 in Evocations
 17880 | Lair:4   | Reached skill level 9 in Invocations
 17888 | Lair:4   | Noticed Sonja
 17937 | Lair:4   | Killed Sonja
 17937 | Lair:4   | Reached skill level 8 in Transmutations
 18059 | Lair:4   | Noticed Rhok's ghost (journeyman OpFi)
 19047 | Lair:5   | Got a blackened leather armour
 19058 | Lair:5   | Identified the +2 leather armour of Jureryug {rPois rN++ Int+3 Dex-5 Stlth+} (You found it on level 5 of the Lair of Beasts)
 19386 | Lair:5   | Reached skill level 7 in Conjurations
 19386 | Lair:5   | Reached skill level 7 in Hexes
 19386 | Lair:5   | Reached skill level 7 in Charms
 19386 | Lair:5   | Reached skill level 7 in Summonings
 19386 | Lair:5   | Reached skill level 7 in Necromancy
 19386 | Lair:5   | Reached skill level 7 in Translocations
 19386 | Lair:5   | Reached skill level 7 in Fire Magic
 19386 | Lair:5   | Reached skill level 7 in Ice Magic
 19386 | Lair:5   | Reached skill level 7 in Air Magic
 19386 | Lair:5   | Reached skill level 7 in Earth Magic
 19386 | Lair:5   | Reached skill level 7 in Poison Magic
 20048 | Lair:5   | Found a viscous altar of Jiyva.
 20049 | Lair:5   | Found a staircase to the Slime Pits.
 20162 | Lair:5   | Reached skill level 9 in Fighting
 20174 | Lair:5   | Reached skill level 10 in Spellcasting
 20256 | Lair:6   | Entered Level 6 of the Lair of Beasts
 20320 | Lair:5   | Reached XP level 14. HP: 67/108 MP: 16/28
 21118 | Lair:6   | Reached skill level 10 in Dodging
 21334 | Lair:6   | Found a runed door.
 21383 | Lair:6   | Learned a level 2 spell: Swiftness
 21779 | Lair:6   | Reached skill level 11 in Unarmed Combat
 21784 | Lair:6   | Reached skill level 9 in Short Blades
 21784 | Lair:6   | Reached skill level 9 in Long Blades
 21784 | Lair:6   | Reached skill level 9 in Axes
 21784 | Lair:6   | Reached skill level 9 in Maces & Flails
 21784 | Lair:6   | Reached skill level 9 in Polearms
 21784 | Lair:6   | Reached skill level 9 in Staves
 21784 | Lair:6   | Reached skill level 9 in Slings
 21784 | Lair:6   | Reached skill level 9 in Bows
 21784 | Lair:6   | Reached skill level 9 in Crossbows
 21784 | Lair:6   | Reached skill level 9 in Throwing
 21784 | Lair:6   | Reached skill level 9 in Armour
 21784 | Lair:6   | Reached skill level 9 in Stealth
 21784 | Lair:6   | Reached skill level 9 in Shields
 21784 | Lair:6   | Reached skill level 9 in Evocations
 22350 | Lair:6   | Got a slimy scimitar
 22351 | Lair:6   | Identified the +9 scimitar of mopl's Bloody Death {slice, Str+3 Int+4 Dex-4} (You found it on level 6 of the Lair of Beasts)
 22762 | Lair:6   | Paralysed by a hornet for 3 turns
 22781 | Lair:6   | Reached skill level 10 in Invocations
 23951 | D:11     | Bought a scroll of torment for 82 gold pieces
 23951 | D:11     | Bought 2 scrolls of amnesia for 77 gold pieces
 23951 | D:11     | Bought a potion of experience for 550 gold pieces
 23951 | D:11     | Reached XP level 15. HP: 115/115 MP: 29/29
 24011 | Lair:1   | Learned a level 4 spell: Passage of Golubria
 24157 | Lair:4   | Killed Rhok's ghost
 24157 | Lair:4   | Reached skill level 8 in Conjurations
 24157 | Lair:4   | Reached skill level 8 in Hexes
 24157 | Lair:4   | Reached skill level 8 in Charms
 24157 | Lair:4   | Reached skill level 8 in Summonings
 24157 | Lair:4   | Reached skill level 8 in Necromancy
 24157 | Lair:4   | Reached skill level 8 in Translocations
 24157 | Lair:4   | Reached skill level 8 in Fire Magic
 24157 | Lair:4   | Reached skill level 8 in Ice Magic
 24157 | Lair:4   | Reached skill level 8 in Air Magic
 24157 | Lair:4   | Reached skill level 8 in Earth Magic
 24157 | Lair:4   | Reached skill level 8 in Poison Magic
 24334 | Orc:1    | Entered Level 1 of the Orcish Mines
 24398 | Orc:1    | Reached skill level 9 in Transmutations
 24442 | Orc:1    | Reached skill level 10 in Fighting
 24938 | Orc:2    | Entered Level 2 of the Orcish Mines
 24938 | Orc:2    | Found a staircase to the Elven Halls.
 25117 | Orc:2    | Found a roughly hewn altar of Beogh.
 26098 | Orc:2    | Paralysed by an orc sorcerer for 5 turns
 26108 | Orc:2    | Noticed an orc warlord
 26206 | Orc:2    | Reached XP level 16. HP: 112/122 MP: 13/30
 26218 | Orc:2    | Reached skill level 11 in Spellcasting
 26220 | Orc:2    | Reached ****** piety under Wu Jian
 26402 | Orc:2    | Found Becomoy's General Store.
 26403 | Orc:2    | Found Lapnidie's Jewellery Boutique.
 26404 | Orc:2    | Found Gideih's Antique Armour Boutique.
 26404 | Orc:2    | Found Mitre's Antique Weapon Shop.
 26476 | Orc:2    | Bought the ring of the Villain {rPois rC+ MR+} for 475 gold pieces
 26488 | Orc:2    | Bought a pair of distressingly furry boots for 209 gold pieces
 26493 | Orc:2    | Identified the +0 pair of boots of the Heavens {Regen+ Str+6} (You bought it in a shop on level 2 of the Orcish Mines)
 26721 | D:13     | Found a gate to the Vaults.
 26721 | D:13     | Noticed Urug
 26721 | D:13     | Noticed Rupert
 26927 | D:13     | Noticed Agrougrou's ghost (journeyman OpTm)
 26936 | D:13     | Killed Agrougrou's ghost
 26945 | D:13     | Reached skill level 10 in Short Blades
 26945 | D:13     | Reached skill level 10 in Long Blades
 26945 | D:13     | Reached skill level 10 in Axes
 26945 | D:13     | Reached skill level 10 in Maces & Flails
 26945 | D:13     | Reached skill level 10 in Polearms
 26945 | D:13     | Reached skill level 10 in Staves
 26945 | D:13     | Reached skill level 10 in Slings
 26945 | D:13     | Reached skill level 10 in Bows
 26945 | D:13     | Reached skill level 10 in Crossbows
 26945 | D:13     | Reached skill level 10 in Throwing
 26945 | D:13     | Reached skill level 10 in Armour
 26945 | D:13     | Reached skill level 10 in Stealth
 26945 | D:13     | Reached skill level 10 in Shields
 26945 | D:13     | Reached skill level 10 in Evocations
 27017 | D:13     | Killed Urug
 27047 | D:13     | Reached skill level 11 in Dodging
 27262 | D:13     | Found Qeitymis's Gadget Boutique.
 27263 | D:13     | Got a shimmering marble ring
 27265 | D:13     | Identified the ring "Hocio" {MP+9 SInv} (You found it on level 13 of the Dungeon)
 27325 | D:13     | Killed Rupert
 27325 | D:13     | Reached skill level 11 in Invocations
 28055 | D:14     | Noticed EvilAshe's ghost (journeyman CeSk)
 28064 | D:14     | Killed EvilAshe's ghost
 28071 | D:14     | Reached skill level 12 in Unarmed Combat
 28601 | D:15     | Entered Level 15 of the Dungeon
 28601 | D:15     | Found a blossoming altar of Fedhas.
 29312 | D:15     | Found a staircase to the Depths.
 29319 | D:15     | Reached skill level 9 in Conjurations
 29319 | D:15     | Reached skill level 9 in Hexes
 29319 | D:15     | Reached skill level 9 in Charms
 29319 | D:15     | Reached skill level 9 in Summonings
 29319 | D:15     | Reached skill level 9 in Necromancy
 29319 | D:15     | Reached skill level 9 in Translocations
 29319 | D:15     | Reached skill level 9 in Fire Magic
 29319 | D:15     | Reached skill level 9 in Ice Magic
 29319 | D:15     | Reached skill level 9 in Air Magic
 29319 | D:15     | Reached skill level 9 in Earth Magic
 29319 | D:15     | Reached skill level 9 in Poison Magic
 29678 | Swamp:1  | Entered Level 1 of the Swamp
 30040 | Swamp:1  | Noticed a thorn hunter
 30060 | Swamp:1  | Killed a thorn hunter
 30060 | Swamp:1  | Reached XP level 17. HP: 78/130 MP: 16/32
 30067 | Swamp:1  | Reached skill level 11 in Fighting
 30432 | Swamp:1  | Noticed Roxanne
 30615 | Swamp:1  | Killed Roxanne
 30625 | Swamp:1  | Learned a level 5 spell: Irradiate
 30632 | Swamp:1  | Learned a level 6 spell: Hydra Form
 31093 | Swamp:2  | Reached skill level 10 in Transmutations
 32024 | Swamp:3  | Reached skill level 11 in Short Blades
 32024 | Swamp:3  | Reached skill level 11 in Long Blades
 32024 | Swamp:3  | Reached skill level 11 in Axes
 32024 | Swamp:3  | Reached skill level 11 in Maces & Flails
 32024 | Swamp:3  | Reached skill level 11 in Polearms
 32024 | Swamp:3  | Reached skill level 11 in Staves
 32024 | Swamp:3  | Reached skill level 11 in Slings
 32024 | Swamp:3  | Reached skill level 11 in Bows
 32024 | Swamp:3  | Reached skill level 11 in Crossbows
 32024 | Swamp:3  | Reached skill level 11 in Throwing
 32024 | Swamp:3  | Reached skill level 11 in Armour
 32024 | Swamp:3  | Reached skill level 11 in Stealth
 32024 | Swamp:3  | Reached skill level 11 in Shields
 32024 | Swamp:3  | Reached skill level 11 in Evocations
 32134 | Swamp:3  | Noticed a tentacled monstrosity
 32146 | Swamp:3  | Killed a tentacled monstrosity
 32161 | Swamp:3  | Reached skill level 12 in Spellcasting
 32295 | Swamp:3  | Reached skill level 12 in Invocations
 32793 | Swamp:4  | Entered Level 4 of the Swamp
 32941 | Swamp:4  | Reached skill level 12 in Dodging
 33501 | Swamp:4  | Gained mutation: You are dopey. (Int -2) [a Zot trap]
 33501 | Swamp:4  | Gained mutation: Your body sometimes deteriorates upon taking damage. [a Zot trap]
 33840 | Swamp:4  | Got a decaying rune of Zot
 34039 | Spider:1 | Entered Level 1 of the Spider Nest
 34192 | Spider:1 | Reached XP level 18. HP: 107/139 MP: 31/34
 34499 | Spider:1 | Reached skill level 13 in Unarmed Combat
 34819 | Spider:2 | Found a frozen archway.
 34833 | IceCv    | Entered an ice cave
 34916 | IceCv    | Got a bloodstained chain mail
 35103 | IceCv    | Reached skill level 10 in Conjurations
 35103 | IceCv    | Reached skill level 10 in Hexes
 35103 | IceCv    | Reached skill level 10 in Charms
 35103 | IceCv    | Reached skill level 10 in Summonings
 35103 | IceCv    | Reached skill level 10 in Necromancy
 35103 | IceCv    | Reached skill level 10 in Translocations
 35103 | IceCv    | Reached skill level 10 in Fire Magic
 35103 | IceCv    | Reached skill level 10 in Ice Magic
 35103 | IceCv    | Reached skill level 10 in Air Magic
 35103 | IceCv    | Reached skill level 10 in Earth Magic
 35103 | IceCv    | Reached skill level 10 in Poison Magic
 35183 | IceCv    | Identified the cursed +0 chain mail of Daisies {*Slow rElec rN+++ SInv} (You found it in an ice cave)
 35191 | IceCv    | Got a smoking battleaxe
 35192 | IceCv    | Identified the +0 battleaxe of Womno {chop, Stlth+} (You found it in an ice cave)
 35195 | IceCv    | Got a jewelled chain mail
 35201 | IceCv    | Identified the +1 chain mail of Panentheism {rPois rF+ rN+ Slay-5} (You found it in an ice cave)
 35336 | Spider:2 | Reached skill level 12 in Fighting
 35745 | Lair:1   | Learned a level 6 spell: Statue Form
 36617 | Spider:4 | Entered Level 4 of the Spider Nest
 36878 | Spider:4 | Reached skill level 12 in Short Blades
 36878 | Spider:4 | Reached skill level 12 in Long Blades
 36878 | Spider:4 | Reached skill level 12 in Axes
 36878 | Spider:4 | Reached skill level 12 in Maces & Flails
 36878 | Spider:4 | Reached skill level 12 in Polearms
 36878 | Spider:4 | Reached skill level 12 in Staves
 36878 | Spider:4 | Reached skill level 12 in Slings
 36878 | Spider:4 | Reached skill level 12 in Bows
 36878 | Spider:4 | Reached skill level 12 in Crossbows
 36878 | Spider:4 | Reached skill level 12 in Throwing
 36878 | Spider:4 | Reached skill level 12 in Armour
 36878 | Spider:4 | Reached skill level 12 in Stealth
 36878 | Spider:4 | Reached skill level 12 in Shields
 36878 | Spider:4 | Reached skill level 12 in Evocations
 37053 | Spider:4 | Reached skill level 13 in Invocations
 37148 | Spider:4 | Reached skill level 11 in Transmutations
 37338 | Spider:4 | Reached XP level 19. HP: 134/147 MP: 34/35
 37478 | Spider:4 | Reached skill level 13 in Spellcasting
 37665 | Spider:4 | Got a gossamer rune of Zot
 38121 | Vaults:1 | Entered Level 1 of the Vaults
 38162 | Vaults:1 | Found a ruined gateway.
 38187 | Desolati | Entered the Desolation of Salt
 38262 | Desolati | Reached skill level 13 in Dodging
 38462 | Desolati | HP: 6/147 [ragged hierophant/a resonance strike (25)]
 38462 | Desolati | HP: 1/147 [saltling (5)]
 38731 | Desolati | Got a bound iron amulet
 38732 | Desolati | Identified the amulet of the Mutiny {*Contam +Rage Str+5 Int+4} (You found it in the Desolation of Salt)
 38738 | Desolati | Got a transparent long sword
 38739 | Desolati | Identified the cursed +1 long sword "Nonlykhla" {elec, rN+} (You found it in the Desolation of Salt)
 38938 | Desolati | Identified the Catalogue of Destructive Moulding
 38952 | Desolati | Got a steaming robe
 38963 | Desolati | Identified the +2 robe "Semeliur" {rPois Str+2} (You found it in the Desolation of Salt)
 39074 | Desolati | Found the +5 demon whip "Spellbinder" {antimagic, MR+}
 39081 | Desolati | Got a steaming amber ring
 39143 | Desolati | Identified the cursed ring "Feirchat" {rN+ MR+ AC-3 Dex+3} (You found it in the Desolation of Salt)
 39252 | Vaults:1 | Reached skill level 14 in Unarmed Combat
 39677 | Vaults:1 | Reached skill level 13 in Fighting
 39722 | Vaults:1 | Noticed Asterion
 39772 | D:13     | Reached XP level 20. HP: 156/156 MP: 21/37
 39979 | D:13     | Killed Asterion
 39983 | D:13     | Got a shimmering shield
 39994 | D:13     | Identified the +5 shield of the Unbroken {+Blink +Inv rElec} (You took it off Asterion on level 13 of the Dungeon)
 40051 | Vaults:1 | Reached skill level 11 in Conjurations
 40051 | Vaults:1 | Reached skill level 11 in Hexes
 40051 | Vaults:1 | Reached skill level 11 in Charms
 40051 | Vaults:1 | Reached skill level 11 in Summonings
 40051 | Vaults:1 | Reached skill level 11 in Necromancy
 40051 | Vaults:1 | Reached skill level 11 in Translocations
 40051 | Vaults:1 | Reached skill level 11 in Fire Magic
 40051 | Vaults:1 | Reached skill level 11 in Ice Magic
 40051 | Vaults:1 | Reached skill level 11 in Air Magic
 40051 | Vaults:1 | Reached skill level 11 in Earth Magic
 40051 | Vaults:1 | Reached skill level 11 in Poison Magic
 40963 | Elf:1    | Entered Level 1 of the Elven Halls
 41454 | Elf:1    | Reached skill level 14 in Invocations
 41506 | Elf:1    | Reached skill level 13 in Short Blades
 41506 | Elf:1    | Reached skill level 13 in Long Blades
 41506 | Elf:1    | Reached skill level 13 in Axes
 41506 | Elf:1    | Reached skill level 13 in Maces & Flails
 41506 | Elf:1    | Reached skill level 13 in Polearms
 41506 | Elf:1    | Reached skill level 13 in Staves
 41506 | Elf:1    | Reached skill level 13 in Slings
 41506 | Elf:1    | Reached skill level 13 in Bows
 41506 | Elf:1    | Reached skill level 13 in Crossbows
 41506 | Elf:1    | Reached skill level 13 in Throwing
 41506 | Elf:1    | Reached skill level 13 in Armour
 41506 | Elf:1    | Reached skill level 13 in Stealth
 41506 | Elf:1    | Reached skill level 13 in Shields
 41506 | Elf:1    | Reached skill level 13 in Evocations
 41807 | Elf:1    | Identified Vehumet's Volume of Conjuration
 42021 | Elf:2    | Found a portal to a secret trove of treasure.
 42160 | Elf:2    | Found Osawomer's Assorted Antiques.
 42168 | Elf:2    | Bought a scroll of fog for 66 gold pieces
 42276 | Elf:2    | Found Foeh's Antique Weapon Shoppe.
 42454 | Elf:2    | Found a runed gate.
 42454 | Elf:2    | Found a runed gate.
 42454 | Elf:2    | Found a runed gate.
 42816 | Elf:2    | Reached skill level 14 in Spellcasting
 43187 | Elf:3    | Entered Level 3 of the Elven Halls
 43347 | Elf:3    | Noticed dobroeutro's ghost (adept MiFi)
 43584 | Elf:3    | Killed dobroeutro's ghost
 43801 | Elf:3    | Found Uzahel's Antique Armour Boutique.
 43812 | Elf:3    | Bought a runed cloak for 247 gold pieces
 43840 | Elf:3    | Reached skill level 12 in Transmutations
 44311 | Elf:3    | Reached skill level 14 in Dodging
 44351 | Elf:3    | Reached XP level 21. HP: 163/163 MP: 17/39
 44998 | Elf:3    | Identified the +9 bardiche of the Old World {chop, rF+ MR+ Int-5 Dex+2} (You took it off a deep elf sorcerer on level 3 of the Elven Halls)
 45308 | Elf:3    | Identified the Compendium of Indemnity
 45335 | Elf:3    | Identified the Compendium of Darkness and the Arsonist
 45428 | Elf:3    | Identified the cursed +1 scale mail "Estraesi" {-Tele rN+++ MP+9 Int-2} (You found it on level 3 of the Elven Halls)
 45516 | Elf:3    | Learned a level 6 spell: Deflect Missiles
 45542 | Elf:3    | Learned a level 3 spell: Regeneration
 45675 | Elf:3    | Identified the +10 trident of Contradiction {flame, rPois Dex+3} (You took it off a deep elf demonologist on level 3 of the Elven Halls)
 46271 | Vaults:2 | Found Ywileth's Armour Shoppe.
 46429 | Vaults:2 | Identified the +7 broad axe of Crystal {protect, Fragile rPois MP+9} (You found it on level 2 of the Vaults)
 46709 | Vaults:2 | Reached skill level 14 in Fighting
 46726 | Vaults:2 | Identified the Compendium of Summoning and Translocation
 47202 | Vaults:3 | Reached skill level 15 in Unarmed Combat
 47223 | Vaults:3 | Found Fatac's Distillery.
 47223 | Vaults:3 | Noticed Aizul
 47227 | Vaults:3 | Killed Aizul
 47230 | Vaults:3 | Bought 2 potions of agility for 152 gold pieces
 47230 | Vaults:3 | Bought a potion of curing for 57 gold pieces
 47230 | Vaults:3 | Bought a potion of curing for 57 gold pieces
 47230 | Vaults:3 | Bought 2 potions of curing for 114 gold pieces
 47230 | Vaults:3 | Bought a potion of heal wounds for 95 gold pieces
 47230 | Vaults:3 | Bought a potion of agility for 76 gold pieces
 47483 | Vaults:3 | Reached skill level 15 in Invocations
 47596 | Vaults:3 | Reached skill level 12 in Conjurations
 47596 | Vaults:3 | Reached skill level 12 in Hexes
 47596 | Vaults:3 | Reached skill level 12 in Charms
 47596 | Vaults:3 | Reached skill level 12 in Summonings
 47596 | Vaults:3 | Reached skill level 12 in Necromancy
 47596 | Vaults:3 | Reached skill level 12 in Translocations
 47596 | Vaults:3 | Reached skill level 12 in Fire Magic
 47596 | Vaults:3 | Reached skill level 12 in Ice Magic
 47596 | Vaults:3 | Reached skill level 12 in Air Magic
 47596 | Vaults:3 | Reached skill level 12 in Earth Magic
 47596 | Vaults:3 | Reached skill level 12 in Poison Magic
 47629 | Vaults:3 | Found a staircase to the Crypt.
 47757 | Vaults:3 | Reached XP level 22. HP: 124/172 MP: 23/40
 47783 | Vaults:3 | Reached skill level 14 in Short Blades
 47783 | Vaults:3 | Reached skill level 14 in Long Blades
 47783 | Vaults:3 | Reached skill level 14 in Axes
 47783 | Vaults:3 | Reached skill level 14 in Maces & Flails
 47783 | Vaults:3 | Reached skill level 14 in Polearms
 47783 | Vaults:3 | Reached skill level 14 in Staves
 47783 | Vaults:3 | Reached skill level 14 in Slings
 47783 | Vaults:3 | Reached skill level 14 in Bows
 47783 | Vaults:3 | Reached skill level 14 in Crossbows
 47783 | Vaults:3 | Reached skill level 14 in Throwing
 47783 | Vaults:3 | Reached skill level 14 in Armour
 47783 | Vaults:3 | Reached skill level 14 in Stealth
 47783 | Vaults:3 | Reached skill level 14 in Shields
 47783 | Vaults:3 | Reached skill level 14 in Evocations
 48008 | Vaults:3 | Learned a level 2 spell: Corpse Rot
 48431 | Vaults:4 | Noticed Mennas
 48829 | Vaults:3 | Killed Mennas
 49530 | Vaults:4 | Reached skill level 15 in Spellcasting
 49961 | Vaults:5 | Entered Level 5 of the Vaults
 49971 | Vaults:4 | Cast into level 2 of the Abyss (vault guard)
 50226 | Abyss:2  | Noticed an ancient lich
 50376 | Abyss:2  | Found a corrupted altar of Lugonu.
 50491 | Abyss:2  | Reached skill level 15 in Dodging
 50560 | Abyss:2  | Gained mutation: You are clumsy. (Dex -2) [a neqoxec]
 50839 | Abyss:3  | Identified the +1 leather armour of the Butterfly {+Blink rF++ Str-5 SInv} (You found it on level 3 of the Abyss)
 50875 | Abyss:3  | Gained mutation: You are very clumsy. (Dex -4) [a neqoxec]
 50880 | Abyss:3  | Gained mutation: Armour fits poorly on your strangely shaped body. [a neqoxec]
 50936 | Abyss:3  | Identified the +5 dagger "Stringbean" {flame, Dex+4 Stlth-} (You found it on level 3 of the Abyss)
 50972 | Abyss:3  | Gained mutation: Scrolls take you a little longer to read. [a neqoxec]
 51011 | Abyss:3  | Reached skill level 13 in Transmutations
 51044 | Abyss:3  | Gained mutation: You are very dopey. (Int -4) [a neqoxec]
 51230 | Abyss:3  | Reached XP level 23. HP: 161/161 MP: 35/42
 51284 | Abyss:3  | Found a corrupted altar of Lugonu.
 51569 | Abyss:3  | Gained mutation: You have large cloven feet. [a neqoxec]
 52075 | Abyss:3  | Reached skill level 15 in Fighting
 52093 | Abyss:3  | Got an abyssal rune of Zot
 52158 | Vaults:4 | Escaped the Abyss
 52338 | Lair:1   | Lost mutation: You are very clumsy. (Dex -4) [potion of mutation]
 52338 | Lair:1   | Lost mutation: Scrolls take you a little longer to read. [potion of mutation]
 52338 | Lair:1   | Lost mutation: Your body sometimes deteriorates upon taking damage. [potion of mutation]
 52338 | Lair:1   | Gained mutation: Your natural rate of healing is unusually fast. [potion of mutation]
 52338 | Lair:1   | Gained mutation: You are frail. (-10% HP) [potion of mutation]
 52338 | Lair:1   | Lost mutation: You are very dopey. (Int -4) [potion of mutation]
 52339 | Lair:1   | Lost mutation: Your natural rate of healing is unusually fast. [potion of mutation]
 52339 | Lair:1   | Lost mutation: You have large cloven feet. [potion of mutation]
 52339 | Lair:1   | Gained mutation: Your magical capacity is low. (-10% MP) [potion of mutation]
 52339 | Lair:1   | Lost mutation: You are clumsy. (Dex -2) [potion of mutation]
 52340 | Lair:1   | Lost mutation: Your magical capacity is low. (-10% MP) [potion of mutation]
 52340 | Lair:1   | Lost mutation: Armour fits poorly on your strangely shaped body. [potion of mutation]
 52340 | Lair:1   | Gained mutation: You are partially covered in slimy green scales. (AC +2) [potion of mutation]
 52340 | Lair:1   | Gained mutation: You are resistant to hostile enchantments. (MR+) [potion of mutation]
 52340 | Lair:1   | Gained mutation: You passively map a small area around you. [potion of mutation]
 52340 | Lair:1   | Lost mutation: You are frail. (-10% HP) [potion of mutation]
 52515 | Vaults:4 | Reached skill level 16 in Invocations
 53100 | Crypt:1  | Entered Level 1 of the Crypt
 53166 | Crypt:1  | Reached skill level 16 in Unarmed Combat
 53395 | Crypt:1  | Identified the +8 war axe of Quick Death {drain, Int+5 Dex+3} (You found it on level 1 of the Crypt)
 53412 | Crypt:1  | Reached skill level 15 in Short Blades
 53412 | Crypt:1  | Reached skill level 15 in Long Blades
 53412 | Crypt:1  | Reached skill level 15 in Axes
 53412 | Crypt:1  | Reached skill level 15 in Maces & Flails
 53412 | Crypt:1  | Reached skill level 15 in Polearms
 53412 | Crypt:1  | Reached skill level 15 in Staves
 53412 | Crypt:1  | Reached skill level 15 in Slings
 53412 | Crypt:1  | Reached skill level 15 in Bows
 53412 | Crypt:1  | Reached skill level 15 in Crossbows
 53412 | Crypt:1  | Reached skill level 15 in Throwing
 53412 | Crypt:1  | Reached skill level 15 in Armour
 53412 | Crypt:1  | Reached skill level 15 in Stealth
 53412 | Crypt:1  | Reached skill level 15 in Shields
 53412 | Crypt:1  | Reached skill level 15 in Evocations
 53921 | Crypt:2  | Learned a level 3 spell: Tukima's Dance
 54490 | Crypt:3  | Entered Level 3 of the Crypt
 54495 | Crypt:3  | Reached skill level 13 in Conjurations
 54495 | Crypt:3  | Reached skill level 13 in Hexes
 54495 | Crypt:3  | Reached skill level 13 in Charms
 54495 | Crypt:3  | Reached skill level 13 in Summonings
 54495 | Crypt:3  | Reached skill level 13 in Necromancy
 54495 | Crypt:3  | Reached skill level 13 in Translocations
 54495 | Crypt:3  | Reached skill level 13 in Fire Magic
 54495 | Crypt:3  | Reached skill level 13 in Ice Magic
 54495 | Crypt:3  | Reached skill level 13 in Air Magic
 54495 | Crypt:3  | Reached skill level 13 in Earth Magic
 54495 | Crypt:3  | Reached skill level 13 in Poison Magic
 54777 | Crypt:3  | Reached XP level 24. HP: 132/188 MP: 21/42
 54906 | Crypt:3  | Identified the +1 leather armour of Forking Paths {MR+ Int+7} (You found it on level 3 of the Crypt)
 55193 | Crypt:3  | Found a staircase to the Tomb.
 55195 | Crypt:3  | Found the sheer robe
 55236 | Crypt:3  | Identified the cursed -5 robe of Misfortune {-Cast *Contam *Tele *Drain EV-5 Stlth-- *Curse} (You found it on level 3 of the Crypt)
 55417 | Crypt:3  | Identified the amulet of Awe {RegenMP rPois rC+} (You took it off a skeletal warrior on level 3 of the Crypt)
 55706 | Crypt:3  | Noticed Bai Suzhen
 55726 | Crypt:3  | Killed Bai Suzhen
 55740 | Crypt:3  | Found an ancient bone altar of Kikubaaqudgha.
 55826 | Crypt:3  | Identified the Volume of the Mountains and Hexes
 55831 | Crypt:3  | Learned a level 3 spell: Portal Projectile
 56635 | Depths:1 | Entered Level 1 of the Depths
 56682 | Depths:1 | Reached skill level 16 in Spellcasting
 56710 | Depths:1 | Found a sacrificial altar of Ru.
 56757 | Depths:1 | Found a flickering gateway to a bazaar.
 56800 | Bazaar   | Entered a bazaar
 56800 | Bazaar   | Found Zonom's Book Emporium.
 56821 | Bazaar   | Found Kajoibbu's Weapon Emporium.
 56825 | Bazaar   | Found Nyunij's Magic Scroll Emporium.
 56835 | Bazaar   | Bought a scroll of teleportation for 33 gold pieces
 56835 | Bazaar   | Bought a scroll of magic mapping for 38 gold pieces
 56840 | Bazaar   | Found Micoxker's Food Shoppe.
 56864 | Bazaar   | Bought 3 scrolls of identify for 66 gold pieces
 56864 | Bazaar   | Bought a scroll of silence for 82 gold pieces
 57113 | Elf:2    | You showed the abyssal rune of Zot to enter a treasure trove
 57114 | Trove    | Entered a treasure trove
 57120 | Trove    | Identified a scroll of acquirement
 57137 | Trove    | Got an ancient silver amulet
 57138 | Trove    | Identified the amulet of Hyt Cusm {Harm *Drain rPois rC+} (You found it in a treasure trove)
 57970 | Depths:1 | Reached skill level 16 in Dodging
 58054 | Depths:1 | Found a one-way gate to the infinite horrors of the Abyss.
 58192 | Depths:1 | Found a gateway to Hell.
 58205 | Depths:1 | Identified the +2 demon whip "Meetois" {drain, rF- Str+6 Dex+5} (You found it on level 1 of the Depths)
 58575 | Depths:2 | Found Eghaax's Gadget Emporium.
 58575 | Depths:2 | Found Bomif's Jewellery Boutique.
 58576 | Depths:2 | Found Rintir's Jewellery Boutique.
 58584 | Depths:2 | Bought a wand of clouds (4) for 288 gold pieces
 58648 | Depths:2 | Found a one-way gate leading to the halls of Pandemonium.
 59235 | Depths:3 | Reached XP level 25. HP: 161/196 MP: 19/43
 59302 | Depths:3 | Reached skill level 14 in Transmutations
 59396 | Depths:3 | Reached skill level 17 in Invocations
 59434 | Depths:3 | Reached skill level 16 in Fighting
 59727 | Depths:3 | Identified the Tome of the Mountains
 59731 | Depths:3 | Learned a level 2 spell: Passwall
 59787 | Depths:3 | Identified the cursed -6 pair of gloves "Ovix" {rElec Regen+ Dex+3 SInv} (You found it on level 3 of the Depths)
 60187 | Depths:2 | Found a gateway to a ziggurat.
 60453 | Depths:3 | Reached skill level 16 in Short Blades
 60453 | Depths:3 | Reached skill level 16 in Long Blades
 60453 | Depths:3 | Reached skill level 16 in Axes
 60453 | Depths:3 | Reached skill level 16 in Maces & Flails
 60453 | Depths:3 | Reached skill level 16 in Polearms
 60453 | Depths:3 | Reached skill level 16 in Staves
 60453 | Depths:3 | Reached skill level 16 in Slings
 60453 | Depths:3 | Reached skill level 16 in Bows
 60453 | Depths:3 | Reached skill level 16 in Crossbows
 60453 | Depths:3 | Reached skill level 16 in Throwing
 60453 | Depths:3 | Reached skill level 16 in Armour
 60453 | Depths:3 | Reached skill level 16 in Stealth
 60453 | Depths:3 | Reached skill level 16 in Shields
 60453 | Depths:3 | Reached skill level 16 in Evocations
 60714 | Depths:3 | Identified the amulet "Roxtillu" {Harm *Drain rPois Dex+2 SInv Stlth+} (You took it off a spriggan air mage on level 3 of the Depths)
 60877 | Depths:4 | Noticed Frederick
 60887 | Depths:4 | Killed Frederick
 60887 | Depths:4 | Reached skill level 17 in Unarmed Combat
 61554 | Depths:4 | Noticed Margery
 61584 | Depths:4 | Killed Margery
 61584 | Depths:4 | Reached skill level 14 in Conjurations
 61584 | Depths:4 | Reached skill level 14 in Hexes
 61584 | Depths:4 | Reached skill level 14 in Charms
 61584 | Depths:4 | Reached skill level 14 in Summonings
 61584 | Depths:4 | Reached skill level 14 in Necromancy
 61584 | Depths:4 | Reached skill level 14 in Translocations
 61584 | Depths:4 | Reached skill level 14 in Fire Magic
 61584 | Depths:4 | Reached skill level 14 in Ice Magic
 61584 | Depths:4 | Reached skill level 14 in Air Magic
 61584 | Depths:4 | Reached skill level 14 in Earth Magic
 61584 | Depths:4 | Reached skill level 14 in Poison Magic
 61820 | Depths:4 | Noticed a juggernaut
 61830 | Depths:4 | Killed a juggernaut
 61830 | Depths:4 | Reached XP level 26. HP: 157/206 MP: 31/43
 62399 | Slime:1  | Entered Level 1 of the Pits of Slime
 62478 | Slime:1  | Gained mutation: You are frail. (-10% HP) [a shining eye]
 62479 | Slime:1  | Gained mutation: You tend to lose your temper in combat. [a shining eye]
 62495 | Slime:1  | Gained mutation: Your body sometimes deteriorates upon taking damage. [a shining eye]
 62740 | Slime:4  | Reached skill level 17 in Spellcasting
 62756 | Slime:5  | Entered Level 5 of the Pits of Slime
 62981 | Slime:5  | Found a viscous altar of Jiyva.
 62982 | Slime:5  | Noticed the Royal Jelly
 62996 | Slime:5  | Reached skill level 17 in Dodging
 63003 | Slime:5  | Killed the Royal Jelly
 63045 | Slime:5  | Got a warped iron ring
 63046 | Slime:5  | Identified the ring "Viczelith" {+Fly Slay+2} (You found it on level 5 of the Pits of Slime)
 63064 | Slime:5  | Got a slimy rune of Zot
 63115 | Slime:5  | Identified the Collected Works on Captivating Clay
 63120 | Slime:5  | Identified the Reference Book on Attacks and Summoning
 63138 | Slime:5  | Identified a +1 pair of boots of running (You found it on level 5 of the Pits of Slime)
 63235 | Slime:5  | Identified the +2 battleaxe "Hell-Harrower" {chop, rN+ SInv} (You found it on level 5 of the Pits of Slime)
 63308 | Slime:5  | Identified the +10 plate armour of Creativity {rElec rC+} (You found it on level 5 of the Pits of Slime)
 63324 | Slime:5  | Learned a level 5 spell: Silence
 63526 | Lair:1   | Lost mutation: You are dopey. (Int -2) [potion of mutation]
 63526 | Lair:1   | Lost mutation: You are resistant to hostile enchantments. (MR+) [potion of mutation]
 63526 | Lair:1   | Lost mutation: You are frail. (-10% HP) [potion of mutation]
 63526 | Lair:1   | Gained mutation: Scrolls take you a little longer to read. [potion of mutation]
 63526 | Lair:1   | Gained mutation: You can translocate small distances at will. [potion of mutation]
 63527 | Lair:1   | Lost mutation: Your body sometimes deteriorates upon taking damage. [potion of mutation]
 63527 | Lair:1   | Lost mutation: You passively map a small area around you. [potion of mutation]
 63527 | Lair:1   | Lost mutation: You tend to lose your temper in combat. [potion of mutation]
 63527 | Lair:1   | Lost mutation: Scrolls take you a little longer to read. [potion of mutation]
 63527 | Lair:1   | Gained mutation: You are agile. (Dex +2) [potion of mutation]
 63527 | Lair:1   | Gained mutation: You are resistant to hostile enchantments. (MR+) [potion of mutation]
 64003 | Vaults:5 | Reached skill level 18 in Invocations
 64048 | Vaults:5 | Identified the +1 pair of gloves of Ipsaolao {rC- rN+ Stlth+} (You found it on level 5 of the Vaults)
 64050 | Vaults:5 | Identified the Grimoire of Captivating Cold
 64052 | Vaults:5 | Got a silver rune of Zot
 64063 | Vaults:5 | Identified the +0 pair of boots of Contentment {Regen+ Int+4} (You acquired it on level 5 of the Vaults)
 64173 | Vaults:5 | Identified the amulet "Ochoeg" {+Rage MR++} (You found it on level 5 of the Vaults)
 64296 | Vaults:5 | Reached skill level 17 in Fighting
 64423 | Vaults:5 | Noticed an ancient lich
 64426 | Vaults:5 | Noticed an ancient lich
 64442 | Vaults:5 | Found the macabre finger necklace {rN+}
 64460 | Vaults:5 | Reached XP level 27. HP: 108/214 MP: 1/44
 64471 | Vaults:5 | Reached skill level 15 in Transmutations
 64482 | Vaults:5 | Got a fine glass ring
 64536 | Vaults:5 | Identified the ring "Awkasch" {rF+ rC+} (You took it off a deep elf death mage on level 5 of the Vaults)
 64549 | Vaults:5 | Identified the ring of Ischasmeogh {rCorr Int+5} (You found it on level 5 of the Vaults)
 64893 | Vaults:5 | Got a warped cloak
 64899 | Vaults:5 | Identified the +1 cloak of the Guilds {*Corrode MR+ Regen+ Slay+2} (You acquired it on level 5 of the Vaults)
 64911 | Vaults:5 | Killed an ancient lich
 64911 | Vaults:5 | Reached skill level 17 in Short Blades
 64911 | Vaults:5 | Reached skill level 17 in Long Blades
 64911 | Vaults:5 | Reached skill level 17 in Axes
 64911 | Vaults:5 | Reached skill level 17 in Maces & Flails
 64911 | Vaults:5 | Reached skill level 17 in Polearms
 64911 | Vaults:5 | Reached skill level 17 in Staves
 64911 | Vaults:5 | Reached skill level 17 in Slings
 64911 | Vaults:5 | Reached skill level 17 in Bows
 64911 | Vaults:5 | Reached skill level 17 in Crossbows
 64911 | Vaults:5 | Reached skill level 17 in Throwing
 64911 | Vaults:5 | Reached skill level 17 in Armour
 64911 | Vaults:5 | Reached skill level 17 in Stealth
 64911 | Vaults:5 | Reached skill level 17 in Shields
 64911 | Vaults:5 | Reached skill level 17 in Evocations
 65168 | Vaults:5 | Noticed an ancient lich
 65183 | Vaults:5 | Killed an ancient lich
 65183 | Vaults:5 | Reached skill level 18 in Unarmed Combat
 65197 | Vaults:5 | Killed an ancient lich
 65351 | Vaults:5 | Identified the cursed +0 leather armour "Wateubi" {Str+4 Stlth-} (You took it off a necromancer on level 5 of the Vaults)
 65387 | Vaults:5 | Identified the Reference Book on Beguiling and Poisoning
 65843 | Vaults:5 | Upgraded the game from 0.21.0-30-g47ce8e4 to 0.21.0-34-g9234887
 66373 | Lair:1   | Wehk: Was the GnTm early game difficult with the lack of high unarmed skill?
 66373 | Lair:1   | mopl: yes and no !
 66373 | Lair:1   | mopl: your Ice Form is really quick avilable
 66373 | Lair:1   | mopl: and Wu Jian is a gret god
 66373 | Lair:1   | mopl: *great
 66373 | Lair:1   | mopl: but Oka +5UC makes it really easier if you want a try
 66385 | Lair:1   | Wehk: I've been wanting to try some gnoll, though I was contemplating skald instead
 66386 | Lair:1   | mopl: I won Skald and Ar
 66386 | Lair:1   | mopl: just have a look at my history
 66386 | Lair:1   | Wehk: Should I aim to get Oka as skald?
 66391 | Lair:1   | Wehk: Ok, I'll have a look
 66408 | Lair:1   | mopl: Oka is really good with gnolls
 66408 | Lair:1   | mopl: I played with Ash because I wanted to abuse skill transfer
 66408 | Lair:1   | mopl: but gnolls can't use it :p
 66411 | Lair:1   | Wehk: lol
 66423 | Lair:1   | Wehk: Is it fine to skip learning song of slaying?
 66423 | Lair:1   | mopl: it is
 66423 | Lair:1   | Wehk: I don't have much experience with charms
 66423 | Lair:1   | mopl: but gnolls have a lot of Spellcasting
 66423 | Lair:1   | mopl: so use it
 66423 | Lair:1   | mopl: and slay things in corridors
 66423 | Lair:1   | mopl: but its noisy
 66423 | Lair:1   | mopl: so be careful
 66440 | Lair:1   | Wehk: If Oka is not in temple, which god would you chose as backup?
 66440 | Lair:1   | Wehk: Gozag maybe?
 66440 | Lair:1   | mopl: not really
 66440 | Lair:1   | mopl: used it for title only
 66440 | Lair:1   | mopl: some strong one
 66440 | Lair:1   | mopl: Fedhas is cool, kiku too
 66440 | Lair:1   | mopl: I want to have a try with Ru and sacrifice some skills
 66440 | Lair:1   | mopl: not the -2 to skills
 66440 | Lair:1   | mopl: the one that prevents you to train stuff
 66440 | Lair:1   | Wehk: Isn't Ru scary since GnSk uses so many different aspects of the game?
 66440 | Lair:1   | mopl: I feel like selected sacrifices can be buffs to gnolls
 66441 | Lair:1   | mopl: imagine a GnSk that sacrifices conjurations, transmutations and some Ice/Fire magic
 66441 | Lair:1   | mopl: only a buff :p
 66442 | Lair:1   | Wehk: That's true
 67080 | Depths:5 | Entered Level 5 of the Depths
 67213 | Depths:4 | Reached skill level 15 in Conjurations
 67213 | Depths:4 | Reached skill level 15 in Hexes
 67213 | Depths:4 | Reached skill level 15 in Charms
 67213 | Depths:4 | Reached skill level 15 in Summonings
 67213 | Depths:4 | Reached skill level 15 in Necromancy
 67213 | Depths:4 | Reached skill level 15 in Translocations
 67213 | Depths:4 | Reached skill level 15 in Fire Magic
 67213 | Depths:4 | Reached skill level 15 in Ice Magic
 67213 | Depths:4 | Reached skill level 15 in Air Magic
 67213 | Depths:4 | Reached skill level 15 in Earth Magic
 67213 | Depths:4 | Reached skill level 15 in Poison Magic
 67573 | Depths:5 | Reached skill level 18 in Spellcasting
 67701 | Depths:5 | Noticed Boris
 67711 | Depths:5 | Killed Boris
 68034 | Depths:5 | Reached skill level 18 in Dodging
 68063 | Depths:5 | Found a gate to the Realm of Zot.
 68345 | Zot:1    | Entered Level 1 of the Realm of Zot
 68679 | Zot:1    | Reached skill level 19 in Invocations
 69419 | Zot:2    | Reached skill level 18 in Fighting
 69672 | Zot:2    | Found the +7 Kryia's mail coat {PotionHeal*2 rC+}
 69677 | Zot:2    | Reached skill level 18 in Short Blades
 69677 | Zot:2    | Reached skill level 18 in Long Blades
 69677 | Zot:2    | Reached skill level 18 in Axes
 69677 | Zot:2    | Reached skill level 18 in Maces & Flails
 69677 | Zot:2    | Reached skill level 18 in Polearms
 69677 | Zot:2    | Reached skill level 18 in Staves
 69677 | Zot:2    | Reached skill level 18 in Slings
 69677 | Zot:2    | Reached skill level 18 in Bows
 69677 | Zot:2    | Reached skill level 18 in Crossbows
 69677 | Zot:2    | Reached skill level 18 in Throwing
 69677 | Zot:2    | Reached skill level 18 in Armour
 69677 | Zot:2    | Reached skill level 18 in Stealth
 69677 | Zot:2    | Reached skill level 18 in Shields
 69677 | Zot:2    | Reached skill level 18 in Evocations
 69706 | Zot:2    | Identified the ring of Murosel {rPois rF+ rN+} (You found it on level 2 of the Realm of Zot)
 69964 | Zot:2    | Lost mutation: You are agile. (Dex +2) [a Zot trap]
 70248 | Zot:2    | Reached skill level 16 in Transmutations
 70555 | Zot:3    | Reached skill level 19 in Unarmed Combat
 70971 | Zot:3    | Cast into level 5 of the Abyss (a Zot trap)
 70971 | Abyss:5  | Entered Level 5 of the Abyss
 71029 | Abyss:5  | Noticed an ancient lich
 71039 | Abyss:5  | Killed an ancient lich
 71075 | Zot:3    | Escaped the Abyss
 71603 | Zot:3    | Reached skill level 19 in Spellcasting
 71603 | Zot:3    | Reached skill level 16 in Conjurations
 71603 | Zot:3    | Reached skill level 16 in Hexes
 71603 | Zot:3    | Reached skill level 16 in Charms
 71603 | Zot:3    | Reached skill level 16 in Summonings
 71603 | Zot:3    | Reached skill level 16 in Necromancy
 71603 | Zot:3    | Reached skill level 16 in Translocations
 71603 | Zot:3    | Reached skill level 16 in Fire Magic
 71603 | Zot:3    | Reached skill level 16 in Ice Magic
 71603 | Zot:3    | Reached skill level 16 in Air Magic
 71603 | Zot:3    | Reached skill level 16 in Earth Magic
 71603 | Zot:3    | Reached skill level 16 in Poison Magic
 71623 | Zot:3    | Noticed an ancient lich
 71632 | Zot:3    | Killed an ancient lich
 71759 | Zot:3    | Learned a level 5 spell: Lee's Rapid Deconstruction
 71770 | Zot:3    | Identified Qaoluluf's Incunabulum of Black Secrets and the Escort
 71810 | Zot:4    | Reached skill level 19 in Dodging
 71876 | Zot:4    | Reached skill level 20 in Invocations
 72023 | Zot:4    | Identified Sif Muna's Guide on Ashen Execration
 72469 | Zot:5    | Entered Level 5 of the Realm of Zot
 72746 | Zot:5    | Reached skill level 19 in Fighting
 72797 | Zot:5    | mopl: back this afternoon !
 72797 | Zot:5    | mopl: thx for watching
 72927 | Zot:5    | Noticed an ancient lich
 72970 | Zot:5    | Killed an ancient lich
 73114 | Zot:5    | Reached skill level 19 in Short Blades
 73114 | Zot:5    | Reached skill level 19 in Long Blades
 73114 | Zot:5    | Reached skill level 19 in Axes
 73114 | Zot:5    | Reached skill level 19 in Maces & Flails
 73114 | Zot:5    | Reached skill level 19 in Polearms
 73114 | Zot:5    | Reached skill level 19 in Staves
 73114 | Zot:5    | Reached skill level 19 in Slings
 73114 | Zot:5    | Reached skill level 19 in Bows
 73114 | Zot:5    | Reached skill level 19 in Crossbows
 73114 | Zot:5    | Reached skill level 19 in Throwing
 73114 | Zot:5    | Reached skill level 19 in Armour
 73114 | Zot:5    | Reached skill level 19 in Stealth
 73114 | Zot:5    | Reached skill level 19 in Shields
 73114 | Zot:5    | Reached skill level 19 in Evocations
 73121 | Zot:5    | Noticed an orb of fire
 73131 | Zot:5    | Killed an orb of fire
 73168 | Zot:5    | Noticed an orb of fire
 73179 | Zot:5    | Noticed an ancient lich
 73181 | Zot:5    | Killed an orb of fire
 73182 | Zot:5    | Noticed an orb of fire
 73189 | Zot:5    | Noticed an orb of fire
 73190 | Zot:5    | Noticed an orb of fire
 73191 | Zot:5    | Gained mutation: Scrolls take you a little longer to read. [an orb of fire]
 73192 | Zot:5    | Killed an orb of fire
 73198 | Zot:5    | Killed an orb of fire
 73205 | Zot:5    | Killed an ancient lich
 73209 | Zot:5    | Killed an orb of fire
 73236 | Zot:5    | Noticed an orb of fire
 73254 | Zot:5    | Gained mutation: Your body sometimes deteriorates upon taking damage. [an orb of fire]
 73255 | Zot:5    | Killed an orb of fire
 73281 | Zot:5    | Reached skill level 20 in Unarmed Combat
 73283 | Zot:5    | Reached skill level 17 in Transmutations
 73629 | Zot:5    | Noticed an orb of fire
 73641 | Zot:5    | Killed an orb of fire
 73715 | Zot:5    | Noticed an orb of fire
 73737 | Zot:5    | Killed an orb of fire
 73755 | Zot:5    | Noticed an orb of fire
 73755 | Zot:5    | Reached skill level 20 in Spellcasting
 73768 | Zot:5    | Killed an orb of fire
 73768 | Zot:5    | Reached skill level 21 in Invocations
 73901 | Zot:5    | Got the Orb of Zot
 73904 | Zot:5    | Noticed an orb of fire
 73912 | Zot:5    | Killed an orb of fire
 73984 | Zot:5    | Reached skill level 20 in Dodging
 74140 | Depths:5 | Noticed Poloikon the pandemonium lord
 74148 | Depths:5 | Reached skill level 17 in Conjurations
 74148 | Depths:5 | Reached skill level 17 in Hexes
 74148 | Depths:5 | Reached skill level 17 in Charms
 74148 | Depths:5 | Reached skill level 17 in Summonings
 74148 | Depths:5 | Reached skill level 17 in Necromancy
 74148 | Depths:5 | Reached skill level 17 in Translocations
 74148 | Depths:5 | Reached skill level 17 in Fire Magic
 74148 | Depths:5 | Reached skill level 17 in Ice Magic
 74148 | Depths:5 | Reached skill level 17 in Air Magic
 74148 | Depths:5 | Reached skill level 17 in Earth Magic
 74148 | Depths:5 | Reached skill level 17 in Poison Magic
 74157 | Depths:5 | Killed Poloikon the pandemonium lord
 74280 | Depths:3 | Noticed Deguijis the pandemonium lord
 74294 | Depths:2 | Killed Deguijis the pandemonium lord
 74329 | Depths:1 | Noticed Uzafeo Eklo the pandemonium lord
 74343 | Depths:1 | Killed Uzafeo Eklo the pandemonium lord
 74351 | Depths:1 | Noticed Deas Jis the pandemonium lord
 74351 | Depths:1 | Noticed an ancient lich
 74722 | D:4      | Noticed Okhiopp the pandemonium lord
 74793 | D:$      | Escaped with the Orb!

Skill      XL: |  1  2  3  4  5  6  7  8  9 10 11 12 13 14 15 16 17 18 19 20 21 22 23 24 25 26 27 |
---------------+----------------------------------------------------------------------------------+-----
Spellcasting   | 5 6 7 8 9 10 11 12 13 14 15 16 17 20 | 20.1
Invocations    | 1 2 3 4 5 6 7 8 9 10 11 12 13 14 15 16 17 18 21 | 21.1
Short Blades   | 1 2 3 4 5 6 7 8 9 10 11 12 13 14 15 16 19 | 19.7
Long Blades    | 1 2 3 4 5 6 7 8 9 10 11 12 13 14 15 16 19 | 19.7
Axes           | 1 2 3 4 5 6 7 8 9 10 11 12 13 14 15 16 19 | 19.7
Maces & Flails | 1 2 3 4 5 6 7 8 9 10 11 12 13 14 15 16 19 | 19.7
Polearms       | 1 2 3 4 5 6 7 8 9 10 11 12 13 14 15 16 19 | 19.7
Staves         | 1 2 3 4 5 6 7 8 9 10 11 12 13 14 15 16 19 | 19.7
Slings         | 1 2 3 4 5 6 7 8 9 10 11 12 13 14 15 16 19 | 19.7
Bows           | 1 2 3 4 5 6 7 8 9 10 11 12 13 14 15 16 19 | 19.7
Crossbows      | 1 2 3 4 5 6 7 8 9 10 11 12 13 14 15 16 19 | 19.7
Throwing       | 1 2 3 4 5 6 7 8 9 10 11 12 13 14 15 16 19 | 19.7
Armour         | 1 2 3 4 5 6 7 8 9 10 11 12 13 14 15 16 19 | 19.7
Stealth        | 1 2 3 4 5 6 7 8 9 10 11 12 13 14 15 16 19 | 19.7
Shields        | 1 2 3 4 5 6 7 8 9 10 11 12 13 14 15 16 19 | 19.7
Evocations     | 1 2 3 4 5 6 7 8 9 10 11 12 13 14 15 16 19 | 19.7
Conjurations   | 1 2 3 4 5 6 7 8 9 10 11 12 13 14 17 | 17.0
Hexes          | 1 2 3 4 5 6 7 8 9 10 11 12 13 14 17 | 17.0
Charms         | 1 2 3 4 5 6 7 8 9 10 11 12 13 14 17 | 17.0
Summonings     | 1 2 3 4 5 6 7 8 9 10 11 12 13 14 17 | 17.0
Necromancy     | 1 2 3 4 5 6 7 8 9 10 11 12 13 14 17 | 17.0
Translocations | 1 2 3 4 5 6 7 8 9 10 11 12 13 14 17 | 17.0
Fire Magic     | 1 2 3 4 5 6 7 8 9 10 11 12 13 14 17 | 17.0
Ice Magic      | 1 2 3 4 5 6 7 8 9 10 11 12 13 14 17 | 17.0
Air Magic      | 1 2 3 4 5 6 7 8 9 10 11 12 13 14 17 | 17.0
Earth Magic    | 1 2 3 4 5 6 7 8 9 10 11 12 13 14 17 | 17.0
Poison Magic   | 1 2 3 4 5 6 7 8 9 10 11 12 13 14 17 | 17.0
Fighting       | 3 4 5 6 7 8 9 10 11 12 13 14 15 16 17 19 | 19.8
Transmutations | 4 5 6 7 8 9 10 11 12 13 14 17 | 17.4
Dodging        | 5 6 7 8 9 10 11 12 13 14 15 16 17 20 | 20.1
Unarmed Combat | 7 8 9 10 11 12 13 14 15 16 17 20 | 20.4

Action                   |  1- 3 |  4- 6 |  7- 9 | 10-12 | 13-15 | 16-18 | 19-21 | 22-24 | 25-27 || total
-------------------------+-------+-------+-------+-------+-------+-------+-------+-------+-------++-------
Melee: Unarmed           |    82 |   153 |   293 |   793 |   832 |  1812 |  1501 |  1987 |  3005 || 10458
       Bite              |     7 |     4 |    11 |    61 |    90 |   254 |   247 |   340 |   556 ||  1570
       Headbutt          |     2 |     1 |       |       |       |       |       |       |       ||     3
       Kick              |     6 |     5 |       |       |       |       |       |       |       ||    11
       Punch             |       |       |     4 |    18 |    50 |   116 |   122 |   113 |   271 ||   694
Throw: Javelin           |       |       |       |     5 |       |    37 |    11 |       |       ||    53
 Cast: Beastly Appendage |    18 |     8 |     1 |       |     1 |       |       |       |       ||    28
       Spider Form       |     2 |    16 |    20 |     7 |       |       |       |       |       ||    45
       Ice Form          |       |       |     6 |    31 |    24 |    13 |     1 |       |       ||    75
       Blade Hands       |       |       |       |    22 |    52 |   100 |   128 |    82 |   146 ||   530
       Blink             |       |       |       |       |     3 |    16 |     1 |    16 |     7 ||    43
       Animate Skeleton  |       |       |       |       |     8 |    18 |    47 |     9 |       ||    82
       Hydra Form        |       |       |       |       |       |     3 |       |     8 |     5 ||    16
       Apportation       |       |       |       |       |       |     1 |     3 |     6 |       ||    10
       Statue Form       |       |       |       |       |       |       |     2 |    16 |     5 ||    23
       Regeneration      |       |       |       |       |       |       |     4 |    32 |    53 ||    89
       Deflect Missiles  |       |       |       |       |       |       |     1 |     3 |    23 ||    27
       Tukima's Dance    |       |       |       |       |       |       |       |     1 |     4 ||     5
       Passwall          |       |       |       |       |       |       |       |       |     5 ||     5
       Silence           |       |       |       |       |       |       |       |       |     3 ||     3
       Irradiate         |       |       |       |       |       |       |       |       |     3 ||     3
Invok: Lunge             |       |       |    21 |    64 |    51 |    88 |   124 |   122 |   173 ||   643
       Whirlwind         |       |       |     8 |    38 |    47 |   156 |   235 |   121 |   150 ||   755
       Wall Jump         |       |       |       |     6 |    23 |    61 |    46 |    31 |    71 ||   238
       Serpent's Lash    |       |       |       |     1 |     1 |     3 |     2 |     1 |     5 ||    13
       Heavenly Storm    |       |       |       |       |     1 |       |     2 |     1 |     3 ||     7
 Abil: End Transformatio |     1 |       |     2 |     6 |    13 |    15 |     6 |    10 |    23 ||    76
       Evoke Berserk Rag |       |       |       |       |     1 |     2 |       |       |       ||     3
Evoke: Wand              |       |       |       |     1 |    23 |       |     2 |     8 |     1 ||    35
       Box of beasts     |       |       |       |       |       |       |       |     3 |       ||     3
       Phial of floods   |       |       |       |       |       |       |       |     1 |       ||     1
       Lightning rod     |       |       |       |       |       |       |       |       |     3 ||     3
       Fan of gales      |       |       |       |       |       |       |       |       |     1 ||     1
       Lamp of fire      |       |       |       |       |       |       |       |       |     1 ||     1
  Use: Scroll            |     3 |     3 |     5 |     3 |    13 |     7 |    19 |    26 |    43 ||   122
       Potion            |       |       |       |     7 |     1 |     1 |     9 |    11 |     7 ||    36
 Stab: Sleeping          |     3 |     2 |    10 |    18 |     8 |    22 |    31 |    20 |    16 ||   130
       Distracted        |       |       |     1 |     4 |     2 |    10 |    12 |    14 |    10 ||    53
       Paralysed         |       |       |       |     5 |     2 |       |       |     1 |       ||     8
       Petrified         |       |       |       |       |       |       |       |     2 |       ||     2
       Confused          |       |       |       |       |       |       |       |       |     3 ||     3
  Eat: Chunk             |       |     8 |    15 |    29 |    44 |    42 |    59 |    24 |    38 ||   259
       Ration            |       |       |       |     3 |     3 |     7 |     2 |     8 |     9 ||    32
Armor: Robe              |    16 |    10 |     5 |     2 |       |       |       |       |       ||    33
       Skin              |       |     7 |     5 |    60 |    23 |    25 |     9 |    73 |     9 ||   211
       Steam dragon scal |       |       |       |    69 |    85 |       |       |       |       ||   154
       Troll leather arm |       |       |       |       |    33 |   291 |   165 |   172 |   151 ||   812
       Acid dragon scale |       |       |       |       |       |       |       |       |    32 ||    32
       Gold dragon scale |       |       |       |       |       |       |       |       |   647 ||   647
Dodge: Dodged            |    85 |   124 |   235 |   443 |   618 |  1662 |   992 |  1631 |  2172 ||  7962
       Deflected         |       |       |       |       |       |       |     4 |    23 |   180 ||   207
Block: Shield            |       |       |       |       |       |       |   124 |   485 |   294 ||   903
